Cogmind - Beta 13 --- EXPLORER MODE // 2024.04.07 @ 01:17:28 Player: Krytoss Result: Escaped! Performance ------------- Evolutions (9) 4500 Regions Visited (30) 6000 Robots Destroyed (561) 2805 Value Destroyed (36747) 36747 Prototype IDs (62) 1240 Alien Tech Used (0) 0 Bonus (21007) 21007 TOTAL SCORE: 72299 Bonus ------- Pacifist 270 High Alert Combat Kills 4653 Follower Combat Kills 7554 Entered Garrisons 1600 Used RIF Installer 4500 Entered DSFs 500 Aligned with FarCom 300 Destroyed MAIN.C Guards 500 Win 3000 Friendly Fire -1870 Cogmind --------- Core Integrity 878/1600 Matter 300/300 Energy 84/100 System Corruption 10% Temperature Cool (4) Movement Treading (160) Location To Epsilon Eridani Parts ------- > --- POWER (1) -------- (None) > --- PROPULSION (6) --- Centrium Heavy Treads > --- UTILITY (15) ----- Advanced Cryofiber Web Advanced Heat Sink Advanced Heat Sink Experimental Heat Sink Experimental Targeting Computer Relay Coupler [Grunt] (30) Relay Coupler [Brawler] (77) Relay Coupler [Specialist] (44) Relay Coupler [Hunter] (1) > --- WEAPON (4) ------- (None) > --- INVENTORY (5) ---- Advanced Heat Sink Relay Coupler [Swarmer] (78) Multirail Peak State ------------ > --- POWER ------------ Reinforced Quantum Reactor > --- PROPULSION ------- Centrium Heavy Treads Biometal Heavy Treads Advanced Heavy Siege Treads > --- UTILITY ---------- Advanced Cryofiber Web Advanced Heat Sink Advanced Heat Sink Experimental Heat Sink Huge Storage Unit Energy Well Advanced Trap Scanner Experimental Targeting Computer Layered Heavy Armor Plating Relay Coupler [Grunt] Relay Coupler [Sentry] Relay Coupler [Hunter] Relay Coupler [Proto] Advanced Corruption Screen > --- WEAPON ----------- Enhanced Quantum Rifle Enhanced Quantum Rifle Multirail Advanced Remote Datajack > --- INVENTORY -------- Quantum Reactor Reinforced Quantum Reactor Reinforced Quantum Reactor Improved Quantum Reactor Biometal Heavy Treads Advanced Heavy Siege Treads Advanced Cryofiber Web Advanced Heat Sink Advanced Heat Sink Advanced Heat Sink Seismic Detector Centrium Light Armor Plating Antimissile System Relay Coupler [NC] Relay Coupler [Swarmer] Relay Coupler [Grunt] Relay Coupler [Brawler] Relay Coupler [Specialist] Enhanced Quantum Rifle Enhanced Quantum Rifle Helical Railgun Fusion Bomb Launcher Advanced Remote Datajack [Rating: 203] Favorites ----------- Power Reinforced Quantum Reactor Engine Ion Engine Power Core Light Nuclear Core Reactor Reinforced Quantum Reactor Propulsion Advanced Heavy Siege Treads Treads Advanced Heavy Siege Treads Leg Aluminum Leg Utility Advanced Cooling System Device Advanced Cooling System Storage Huge Storage Unit Processor Advanced Targeting Computer Hackware Relay Coupler [Sentry] Protection Improved Medium Armor Plating Weapon Enhanced Quantum Rifle Energy Gun Enhanced Quantum Rifle Energy Cannon Enhanced Nova Cannon Ballistic Gun Hypervelocity Railgun Ballistic Cannon Advanced Assault Cannon Launcher Fusion Bomb Launcher Special Weapon Advanced Remote Datajack Impact Weapon Powered Hammer Piercing Weapon Enhanced Force Lance Build | -11 -10 -10 -10 -9 -8 -7 -7 -6 -6 -6 -6 -5 -5 -5 -5 -4 -4 -4 -4 -4 -4 -3 -3 -3 -3 -2 -1 -1 -1 -1 ------- Run | Yrd Mat Min Exi Min Mat Fac DSF Fac Gar Fac Gar Fac Gar Fac Gar Fac Ext Cet Arc Hub Gar Res Gar Res Gar Res Acc Gar Acc Com Slots Evolved 19 | . 1 . . . 4 2 . 2 . . . 2 . . . 2 . . . . . 2 . . . 2 2 . . . Power . | . . . . . . . . . . . . . . . . . . . . . . . . . . . . . . . Propulsion 4 | . . . . . 1 1 . . . . . . . . . . . . . . . . . . . . 2 . . . Utility 13 | . . . . . 2 1 . 2 . . . 2 . . . 2 . . . . . 2 . . . 2 . . . . Weapon 2 | . 1 . . . 1 . . . . . . . . . . . . . . . . . . . . . . . . . Parts Attached 509 | . 2 2 3 1 31 1 7 10 14 9 3 52 20 9 5 36 6 7 2 11 20 24 30 18 24 26 13 17 60 46 Power 33 | . . . . . 3 . . 3 . . . 4 2 2 . . . . . . . 5 2 . 1 5 2 . 4 . Engine 3 | . . . . . 2 . . . . . . 1 . . . . . . . . . . . . . . . . . . Core 4 | . . . . . 1 . . 2 . . . . . . . . . . . . . 1 . . . . . . . . Reactor 26 | . . . . . . . . 1 . . . 3 2 2 . . . . . . . 4 2 . 1 5 2 . 4 . Propulsion 80 | . . 2 . . 7 1 . 1 4 5 . 9 4 . . 6 . . 2 2 2 4 3 . 1 2 10 1 8 6 Treads 80 | . . 2 . . 7 1 . 1 4 5 . 9 4 . . 6 . . 2 2 2 4 3 . 1 2 10 1 8 6 Leg . | . . . . . . . . . . . . . . . . . . . . . . . . . . . . . . . Wheel . | . . . . . . . . . . . . . . . . . . . . . . . . . . . . . . . Hover . | . . . . . . . . . . . . . . . . . . . . . . . . . . . . . . . Flight . | . . . . . . . . . . . . . . . . . . . . . . . . . . . . . . . Utility 252 | . 1 . 3 1 10 . 4 6 4 4 2 26 8 6 4 21 6 2 . 3 12 11 12 14 17 11 1 12 22 29 Device 124 | . 1 . . . 5 . . 4 2 4 1 13 . 1 . 15 2 1 . 2 5 4 3 9 10 7 . 3 14 18 Storage 12 | . . . 3 1 1 . . . 1 . . 1 . . . . . . . . . . . 1 1 . . 1 1 1 Processor 13 | . . . . . 1 . . 1 . . . 1 . . . 1 . . . . . 1 . 1 . 1 . 1 3 2 Hackware 42 | . . . . . . . . . . . . 1 5 1 1 1 1 . . . 4 1 7 . 5 1 . 6 3 5 Protection 61 | . . . . . 3 . 4 1 1 . 1 10 3 4 3 4 3 1 . 1 3 5 2 3 1 2 1 1 1 3 Artifact . | . . . . . . . . . . . . . . . . . . . . . . . . . . . . . . . Weapon 144 | . 1 . . . 11 . 3 . 6 . 1 13 6 1 1 9 . 5 . 6 6 4 13 4 5 8 . 4 26 11 Energy Gun 50 | . 1 . . . 2 . . . . . . . 3 1 1 5 . 1 . 4 . . 3 . 5 3 . 3 11 7 Energy Cannon 30 | . . . . . . . . . . . . 4 2 . . . . 2 . 2 4 2 5 2 . 3 . . 3 1 Ballistic Gun 8 | . . . . . 2 . . . 1 . 1 3 . . . . . . . . . . . . . . . . . 1 Ballistic Cannon 12 | . . . . . 4 . 3 . 3 . . 1 . . . . . . . . . . 1 . . . . . . . Launcher 10 | . . . . . . . . . . . . . . . . . . . . . . 1 3 1 . . . . 4 1 Special Weapon 28 | . . . . . 2 . . . . . . 2 1 . . 4 . 2 . . 2 1 1 1 . 2 . 1 8 1 Impact Weapon 2 | . . . . . 1 . . . 1 . . . . . . . . . . . . . . . . . . . . . Slashing Weapon . | . . . . . . . . . . . . . . . . . . . . . . . . . . . . . . . Piercing Weapon 4 | . . . . . . . . . 1 . . 3 . . . . . . . . . . . . . . . . . . Special Melee Weapon . | . . . . . . . . . . . . . . . . . . . . . . . . . . . . . . . Unidentified Prototypes 8 | . . . . . 1 . . . . . . 1 . 1 . . . . . . . 2 1 . . . . . . 2 Parts Lost 57 | . . . . . 1 . . . 3 . 1 7 . 1 1 . . . . 3 4 6 4 . 1 5 1 1 5 13 Power 2 | . . . . . . . . . . . . 1 . . . . . . . . . 1 . . . . . . . . Propulsion 11 | . . . . . . . . . 3 . . 2 . . . . . . . . 2 . . . . . . . . 4 Utility 29 | . . . . . 1 . . . . . 1 3 . 1 1 . . . . 1 1 3 2 . 1 4 1 1 3 5 Weapon 15 | . . . . . . . . . . . . 1 . . . . . . . 2 1 2 2 . . 1 . . 2 4 Highest Loss Streak 6 | . . . . . 1 . . . 1 . 1 3 . 1 1 . . . . 1 3 2 2 . 1 2 1 1 2 6 To Critical Strikes 2 | . . . . . . . . . . . . . . . . . . . . . . . . . . . . . . 2 Average Slot Usage (%) 92 | . 100 100 100 100 99 92 95 100 99 99 100 99 96 93 93 89 89 90 89 89 89 89 89 89 89 90 82 85 86 83 Reactor 4 | . . . . . . . . 4 6 6 6 5 5 5 5 5 5 5 5 5 5 3 4 4 4 4 2 3 3 2 Treads 15 | . . 19 25 25 25 28 28 25 24 24 25 21 18 16 16 10 10 10 9 10 9 9 9 9 9 8 10 11 11 10 Device 17 | . 7 12 12 12 13 14 14 21 25 24 25 23 16 16 14 16 12 12 15 15 18 17 17 15 16 19 17 10 11 19 Storage 8 | . 12 12 12 12 8 7 7 6 6 6 6 6 11 11 11 10 10 10 10 10 10 9 9 9 9 8 7 8 7 6 Processor 5 | . . . . . 2 . . 4 6 6 6 6 5 5 5 9 10 7 5 5 5 6 5 4 4 4 3 3 4 5 Hackware 12 | . . . . . . . . . . . . 1 8 10 11 13 17 20 20 19 16 15 23 27 27 24 19 26 26 17 Protection 5 | . 5 . . . 8 7 9 10 6 6 6 9 6 4 6 5 5 5 5 4 4 8 1 2 . 3 2 3 2 2 Energy Gun 8 | . 25 25 25 25 6 . . . . . . . 8 15 17 17 20 8 5 7 8 . 6 9 12 10 7 8 10 8 Energy Cannon 3 | . . . . . . . . . . . . 5 7 . . . . 9 10 8 10 12 8 4 . 2 3 2 . . Ballistic Gun 2 | . 12 12 12 12 4 . . . . 6 7 9 . . . . . . . . . . . . . . . . . . Ballistic Cannon 3 | . . . . . 14 21 21 18 17 12 10 1 . . . . . . . . . . . . . . . . . . Special Weapon 1 | . . . . . 1 . . . . . . . 4 5 3 2 . 1 5 3 1 3 . 3 4 2 3 2 2 2 Piercing Weapon 1 | . . . . . . . . . . 6 6 4 . . . . . . . . . . . . . . . . . . Naked Turns . | . . . . . . . . . . . . . . . . . . . . . . . . . . . . . . . Heaviest Build 181 | 20 21 21 31 51 78 78 82 92 135 135 135 153 164 151 157 159 150 165 163 165 170 181 158 141 133 154 165 160 170 177 Greatest Support 240 | 20 20 40 40 40 63 83 83 85 85 112 112 120 134 134 134 155 155 155 155 155 140 150 135 135 135 145 240 240 240 235 Greatest Overweight (x) 2 | . 1 1 . 1 1 . . 1 1 1 1 1 1 1 1 1 . 1 2 1 2 1 1 1 . 1 1 . . 1 Average Overweight (x) . | . 1 . . . . . . . 1 1 1 . 1 . 1 . . . 1 1 1 1 . . . . . . . . Largest Inventory Capacity 25 | 10 10 10 20 20 20 20 20 20 25 25 25 25 25 25 25 25 25 25 25 25 25 25 25 25 25 25 25 25 25 25 Average Capacity 23 | 10 10 10 14 15 20 20 20 20 21 25 25 25 25 25 25 25 25 25 25 25 25 25 25 25 25 25 25 25 25 24 Most Carried 25 | 7 6 6 15 16 20 18 20 20 25 25 25 25 25 25 25 25 25 25 25 25 25 25 25 25 25 25 25 25 25 25 Average Carried 23 | 7 6 6 12 15 18 18 19 19 21 24 24 24 24 24 24 24 24 24 25 24 23 24 23 24 24 24 24 24 24 23 Final Capacity 25 | 10 10 10 15 20 20 20 20 20 25 25 25 25 25 25 25 25 25 25 25 25 25 25 25 25 25 25 25 25 25 5 Final Carried 25 | 7 6 6 15 16 19 18 20 20 25 25 24 25 25 24 25 25 25 25 25 24 25 25 25 25 25 25 25 25 24 3 Class Distribution -------------------- 44% | Botlord-Skirmisher 18% | Bothacker-Skirmisher 13% | Hacker-Skirmisher 8% | Botlord-Tank 7% | Bothacker-Tank Dominant Class ---------------- Hacker-Skirmisher | -10/Materials Hacker-Skirmisher | -10/Mines Hacker-Skirmisher | -10/Exiles Hacker-Skirmisher | -9/Mines Hacker-Skirmisher | -8/Materials Hacker-Skirmisher | -7/Factory Hacker-Skirmisher | -7/DSF Hacker-Tank | -6/Factory Hacker-Skirmisher | -6/Garrison Bothacker-Skirmisher | -6/Factory Bothacker-Skirmisher | -6/Garrison Bothacker-Tank | -5/Factory Bothacker-Skirmisher | -5/Garrison Bothacker-Skirmisher | -5/Factory Botlord-Skirmisher | -5/Garrison Botlord-Skirmisher | -4/Factory Botlord-Skirmisher | -4/Extension Botlord-Skirmisher | -4/Cetus Botlord-Skirmisher | -4/Archives Botlord-Skirmisher | -4/Hub_04(d) Botlord-Tank | -4/Garrison Botlord-Tank | -3/Research Botlord-Skirmisher | -3/Garrison Botlord-Skirmisher | -3/Research Botlord-Skirmisher | -3/Garrison Botlord-Skirmisher | -2/Research Botlord-Skirmisher | -1/Access Botlord-Skirmisher | -1/Garrison Botlord-Skirmisher | -1/Access Botlord-Skirmisher | -1/Command Resources | -11 -10 -10 -10 -9 -8 -7 -7 -6 -6 -6 -6 -5 -5 -5 -5 -4 -4 -4 -4 -4 -4 -3 -3 -3 -3 -2 -1 -1 -1 -1 ----------- Run | Yrd Mat Min Exi Min Mat Fac DSF Fac Gar Fac Gar Fac Gar Fac Gar Fac Ext Cet Arc Hub Gar Res Gar Res Gar Res Acc Gar Acc Com Matter Collected 13060 | 180 . 60 10 40 800 . 224 344 746 364 699 2068 441 247 266 380 117 112 52 151 361 354 568 395 439 317 136 456 1478 1255 Remotely 3163 | . . . . . . . . 237 726 364 699 1137 . . . . . . . . . . . . . . . . . . Salvage Created 29270 | . . . . . 1519 . 221 149 524 332 887 3830 955 1481 1442 1395 349 640 367 941 1202 1131 1269 906 971 2376 514 1396 2909 1564 Parts 1270 | . . . . . 73 . 6 10 29 22 36 198 22 63 64 57 14 27 8 53 39 49 56 36 45 106 24 31 142 60 Haulers Intercepted 10 | . . . . . 5 . . . . . . 1 . 1 . 1 . . . 1 . . . . . 1 . . . . Recyclers Shooed 6 | . . . . . . . . . . . . 1 . . . . 1 . . . . . . 1 . . 2 . 1 . Parts Field Recycled . | . . . . . . . . . . . . . . . . . . . . . . . . . . . . . . . Retrieved Matter . | . . . . . . . . . . . . . . . . . . . . . . . . . . . . . . . Parts Self-Destructed . | . . . . . . . . . . . . . . . . . . . . . . . . . . . . . . . Prevented . | . . . . . . . . . . . . . . . . . . . . . . . . . . . . . . . Kills | -11 -10 -10 -10 -9 -8 -7 -7 -6 -6 -6 -6 -5 -5 -5 -5 -4 -4 -4 -4 -4 -4 -3 -3 -3 -3 -2 -1 -1 -1 -1 ------- Run | Yrd Mat Min Exi Min Mat Fac DSF Fac Gar Fac Gar Fac Gar Fac Gar Fac Ext Cet Arc Hub Gar Res Gar Res Gar Res Acc Gar Acc Com Combat Hostiles Destroyed 487 | . . . . . 25 . 5 8 18 4 16 52 19 22 33 22 4 10 4 14 23 19 30 15 17 28 7 23 47 22 Melee 1 | . . . . . . . . . . . . . . . . . . . . . . . . . . . . . . 1 Guns 268 | . . . . . 13 . . . . . 9 23 6 21 33 21 3 8 . 5 7 . 4 7 17 18 4 14 40 15 Cannons 172 | . . . . . 9 . 5 8 18 4 7 24 11 . . . . 2 4 7 15 18 12 7 . 8 3 5 3 2 AOE 28 | . . . . . 3 . . . . . . 2 2 . . . . . . . . 1 13 . . . . 1 2 4 Classes Destroyed 24 | . . . . . 9 . 1 1 2 3 1 2 2 . . . . . . . 1 1 . . . . . 1 . . Worker 21 | . . . . . 2 . . . . 1 . 8 . . . 1 . . . 1 . . . . . 1 1 . 5 1 Builder 12 | . . . . . 1 . . . . 1 . 5 . . . . . . . 1 . . . 1 . 2 1 . . . Tunneler 4 | . . . . . . . . . . . . 1 . 1 . 1 . . . . . . . 1 . . . . . . Hauler 10 | . . . . . 5 . . . . . . 1 . 1 . 1 . . . 1 . . . . . 1 . . . . Recycler 11 | . . . . . 2 . . . . . . 5 . 1 . . . . . . . . . . . 1 . . 1 1 Carrier 2 | . . . . . . . . . . . 1 . . . . . . . . . . 1 . . . . . . . . Mechanic 1 | . . . . . . . . . . 1 . . . . . . . . . . . . . . . . . . . . Operator 5 | . . . . . 2 . . . . 1 . . . . . . 1 . . 1 . . . . . . . . . . Watcher 10 | . . . . . . . . . . 1 . 4 . . . . . . . . . 1 . . . 2 . . 2 . Swarmer 117 | . . . . . 4 . 3 2 6 1 4 16 3 5 16 3 . 3 . 4 3 1 13 4 4 . . 7 12 3 Cutter 2 | . . . . . . . . . . . . . . . . . . . . . 2 . . . . . . . . . Saboteur 1 | . . . . . . . . . . . . . . . . . . . . . . 1 . . . . . . . . Grunt 105 | . . . . . 12 . . 1 4 1 8 8 7 3 12 . 2 2 . 1 7 6 7 4 8 2 . 5 2 3 Brawler 9 | . . . . . . . . . . 1 . . 1 1 . . . . . . 1 2 . . . 1 . . 2 . Duelist 14 | . . . . . 2 . . 1 1 1 1 . 1 1 . . . . . . . 2 . 2 . 1 . . 1 . Protector 1 | . . . . . . . . . . . . . 1 . . . . . . . . . . . . . . . . . Sentry 56 | . . . . . 7 . . 2 3 . . 7 3 5 3 2 2 . 4 3 3 2 3 1 2 2 . . 1 1 Demolisher 1 | . . . . . . . . . . . . . 1 . . . . . . . . . . . . . . . . . Specialist 3 | . . . . . . . 2 . . . . . 1 . . . . . . . . . . . . . . . . . Hunter 36 | . . . . . . . . . 1 . 3 4 1 . 2 4 . 2 . . 2 . . . . 6 2 3 2 4 Programmer 135 | . . . . . . . . 2 1 . . 16 . 7 . 13 . 2 . 6 4 7 7 4 3 16 5 6 26 10 Q-Series 1 | . . . . . . . . . . . . . . . . . . . . . . . . . . . . 1 . . Behemoth 6 | . . . . . . . . . . . . 1 . . . . . . . . 1 1 . . . . . 1 1 1 Cetus Guard 2 | . . . . . . . . . . . . . . . . . . 2 . . . . . . . . . . . . Striker 2 | . . . . . . . . . 2 . . . . . . . . . . . . . . . . . . . . . Best Kill Streak 12 | . . . . . 8 . 3 2 4 3 5 10 5 3 6 4 2 5 3 4 4 8 12 5 3 6 4 5 5 5 Combat Bots Only 12 | . . . . . 7 . 3 2 4 2 4 6 5 3 6 4 2 5 3 4 4 7 12 4 3 5 3 5 5 5 Max Kills in Single Turn 3 | . . . . . 3 . 2 1 1 1 2 2 1 1 2 2 2 2 1 2 2 2 3 2 2 2 2 2 2 3 Gunslinging 1 | . . . . . 1 . . . . . . . . . 1 1 1 . . 1 . . . . . . . . 1 . Exploded 3 | . . . . . 2 . . . . . . 2 1 . . . . . . . . 1 3 . . . . 1 2 3 Melee 1 | . . . . . . . . . . . . . . . . . . . . . . . . . . . . . . 1 Uniques/NPCs Destroyed . | . . . . . . . . . . . . . . . . . . . . . . . . . . . . . . . Combat | -11 -10 -10 -10 -9 -8 -7 -7 -6 -6 -6 -6 -5 -5 -5 -5 -4 -4 -4 -4 -4 -4 -3 -3 -3 -3 -2 -1 -1 -1 -1 -------- Run | Yrd Mat Min Exi Min Mat Fac DSF Fac Gar Fac Gar Fac Gar Fac Gar Fac Ext Cet Arc Hub Gar Res Gar Res Gar Res Acc Gar Acc Com Hostile Shots Fired 3473 | . . . . . 95 . 29 92 71 14 178 323 45 75 89 108 10 97 10 59 330 156 97 51 90 188 147 136 497 486 Missed 1041 | . . . . . 23 . 6 32 21 5 60 83 9 28 15 26 5 27 6 16 99 48 28 7 19 58 45 47 192 136 Intercepted 3 | . . . . . . . . . . . . . . . . . . . . . . . . . . . . . . 3 Damage Taken 31617 | . . . . . 674 . 367 383 540 109 1052 2962 448 759 822 1002 99 842 68 516 2517 1716 1084 810 1018 2051 1261 1177 4177 5163 Core 2142 | . . . . . 23 . 56 27 49 11 121 132 77 53 27 32 7 81 33 16 99 62 64 86 42 322 35 27 276 384 Absorbed by Shields 714 | . . . . . . . . . 8 . . . . . 15 . 22 . . . 232 . 24 . 48 . . 171 87 107 Reduced by Siege Mode 999 | . . . . . . . . . . . . . . . 50 102 . 41 . 36 162 44 5 67 10 4 31 97 269 81 Redirected to Shielding 142 | . . . . . . . . . . . . . . . . . . . . . . . . . . . . 9 133 . Ignored by Resistances 19114 | . . . . . 419 . 211 253 330 66 639 1752 265 456 503 586 72 502 39 311 1616 1003 655 473 634 1193 745 789 2519 3083 Regen/Repaired (Parts) 2467 | . . . . . 14 . . . . 206 . 109 . 147 . 474 . . . . . . . 362 . 437 . . 718 . Core Remaining (%) 82 | 100 . . . 100 95 . 92 . . . 75 . . . 71 . . . . . 76 . . . 80 77 . . . 54 Volleys Fired 1415 | . . . . . 58 . 8 17 33 13 40 154 38 73 53 69 9 22 11 24 68 66 50 56 61 92 24 74 201 101 Largest 4 | . . . . . 4 . 3 3 3 3 3 4 3 3 4 4 4 4 3 4 4 4 4 3 3 4 3 4 4 3 Hottest 422 | . . . . . 205 . 144 144 144 136 136 270 330 195 260 260 260 370 305 360 405 385 422 293 293 315 250 315 260 235 Shots Fired 3665 | . . . . . 181 . 24 51 99 39 120 416 100 167 162 197 27 67 24 68 217 160 135 129 148 229 56 182 461 206 Gun 2301 | . . . . . 141 . . . . 13 63 231 35 155 162 191 27 34 3 34 111 . 62 75 133 159 36 124 355 157 Cannon 1132 | . . . . . 36 . 24 51 99 26 57 181 60 . . . . 30 20 31 104 143 64 38 3 57 16 49 35 8 Launcher 31 | . . . . . . . . . . . . . . . . . . . . . . 2 8 . . . . . 9 12 Special 201 | . . . . . 4 . . . . . . 4 5 12 . 6 . 3 1 3 2 15 1 16 12 13 4 9 62 29 Kinetic 717 | . . . . . 104 . 24 51 99 39 120 265 . . . . . . . . . . . . . . . . . 15 Thermal 2690 | . . . . . 50 . . . . . . 147 95 155 162 191 27 64 23 65 215 143 123 113 136 216 52 173 390 150 Explosive 31 | . . . . . . . . . . . . . . . . . . . . . . 2 8 . . . . . 9 12 Electromagnetic 30 | . . . . . 27 . . . . . . . . . . . . . . . . . 3 . . . . . . . Robot Hit Streak 88 | . . . . . 38 . 16 42 16 16 25 46 63 88 61 40 27 36 29 69 47 40 33 58 38 32 52 31 63 69 Robot Miss Streak 4 | . . . . . 1 . 1 1 1 1 3 1 2 2 1 1 . 2 . 1 3 1 2 1 4 2 1 1 3 1 Penetration Max 1 | . . . . . . . . . . 1 1 1 . . . . . . . . . . . . . . . . . . Secondary Targets 33 | . . . . . 1 . . . . . . 1 2 3 9 2 1 . . 1 . . . . 3 . . 3 7 . Max Gunslinging Chain 1 | . . . . . 1 . . . . . . 1 1 1 1 1 1 . . 1 . . . . 1 . . 1 1 . Shots Hit Robots 2779 | . . . . . 144 . 19 43 69 31 92 303 83 108 121 152 22 43 21 47 160 118 103 105 118 156 49 144 361 167 Core Hits 1046 | . . . . . 62 . 5 13 28 9 34 125 32 44 57 45 9 17 9 22 46 55 60 39 45 63 14 42 106 65 Critical Kills 33 | . . . . . . . . . . 1 8 18 . . . . . . . 2 . 1 1 1 . 1 . . . . Critical Parts Destroyed 34 | . . . . . . . . . . 1 8 23 . . . . . . . . . . . . . . . . . 2 Critical Strikes 85 | . . . . . 2 . 2 1 6 3 17 46 . . . . . . . 2 . 1 1 1 . 1 . . . 2 Meltdown 8 | . . . . . . . . . . . . 2 . . . . . . . 2 . 1 1 1 . 1 . . . . Destroy 62 | . . . . . . . . . . 2 16 42 . . . . . . . . . . . . . . . . . 2 Blast 15 | . . . . . 2 . 2 1 6 1 1 2 . . . . . . . . . . . . . . . . . . Melee Attacks 123 | . . . . . 14 . . 15 19 19 21 35 . . . . . . . . . . . . . . . . . . Impact 48 | . . . . . 14 . . 15 19 . . . . . . . . . . . . . . . . . . . . . Slashing . | . . . . . . . . . . . . . . . . . . . . . . . . . . . . . . . Piercing 75 | . . . . . . . . . . 19 21 35 . . . . . . . . . . . . . . . . . . Sneak Attacks 13 | . . . . . 5 . . . . 3 . 5 . . . . . . . . . . . . . . . . . . Combat Hostiles . | . . . . . . . . . . . . . . . . . . . . . . . . . . . . . . . Follow-up Attacks . | . . . . . . . . . . . . . . . . . . . . . . . . . . . . . . . Damage Inflicted 90286 | . . . . . 2939 . 515 1244 1878 782 1624 8677 2908 3063 3617 4959 669 1487 929 1790 5831 5527 5249 3021 3579 5495 1857 4871 11562 6213 Guns 52741 | . . . . . 1501 . . . . 86 773 3420 757 3063 3617 4923 667 803 102 906 2473 . 1776 2013 3459 3936 1180 3439 9381 4466 Cannons 29673 | . . . . . 691 . 515 1239 1878 385 851 4138 1813 . . . . 684 787 884 3304 4669 1633 1008 120 1519 620 1432 1182 321 Explosions 6385 | . . . . . 269 . . . . 63 . 586 338 . . . . . . . 44 858 1840 . . 40 . . 931 1416 Melee 1221 | . . . . . 440 . . . . 248 . 533 . . . . . . . . . . . . . . . . . . Ramming 239 | . . . . . 11 . . 5 . . . . . . . 36 2 . 40 . 10 . . . . . 57 . 68 10 Kinetic 11642 | . . . . . 1316 . 515 1239 1878 471 1624 4045 . . . . . . . . . . . . . . . . . 554 Thermal 72150 | . . . . . 715 . . . . 63 . 4059 2908 3063 3617 4923 667 1487 889 1790 5777 5123 3547 3021 3579 5455 1800 4871 10563 4233 Explosive 4467 | . . . . . . . . . . . . . . . . . . . . . . 404 1676 . . 40 . . 931 1416 Electromagnetic 567 | . . . . . 457 . . . . . . 40 . . . . . . . . 44 . 26 . . . . . . . Impact 440 | . . . . . 440 . . . . . . . . . . . . . . . . . . . . . . . . . Slashing . | . . . . . . . . . . . . . . . . . . . . . . . . . . . . . . . Piercing 781 | . . . . . . . . . . 248 . 533 . . . . . . . . . . . . . . . . . . Highest Corruption 14 | . . . . . . . . . . . . 13 13 14 14 6 6 2 2 4 9 3 4 4 4 2 4 6 8 10 Average Corruption 6 | . . . . . . . . . . . . 6 13 13 14 3 2 1 2 2 7 2 3 4 4 1 3 5 7 8 Corruption Purged 5 | . . . . . . . . . . . . . . . . . 5 . . . . . . . . . . . . . Corruption Blocked 14 | . . . . . . . . . . . . . . . . . . . . . . . . . . . . . 8 6 Effects 952 | . . . . . . . . . . . . 128 60 95 86 30 8 10 10 21 105 6 33 38 42 17 6 45 130 82 Message Errors 247 | . . . . . . . . . . . . 34 16 28 24 12 . 1 2 5 32 . 8 4 9 3 2 11 36 20 Matter Fused 210 | . . . . . . . . . . . . 28 12 18 22 5 1 2 4 5 19 . 8 8 10 4 1 10 34 19 Heat Flow Errors 115 | . . . . . . . . . . . . 14 9 12 11 5 1 3 1 1 16 1 6 6 4 . 1 3 8 13 Energy Discharges 123 | . . . . . . . . . . . . 14 7 15 6 3 3 2 1 3 13 1 3 8 7 3 . 8 16 10 Parts Rejected 8 | . . . . . . . . . . . . 1 . . . . . . . 1 1 . 1 . . . . . 3 1 Parts Fused 10 | . . . . . . . . . . . . . . 1 . . . . . 2 2 . 1 1 . . . 1 . 2 Data Loss (minor) 108 | . . . . . . . . . . . . 17 7 13 10 2 2 . 1 1 9 1 1 5 6 5 1 7 13 7 Data Loss (major) 36 | . . . . . . . . . . . . 4 4 1 1 1 . . . 2 4 1 2 2 1 . . 1 7 5 Misfires 50 | . . . . . . . . . . . . 10 2 3 5 . . 2 1 . 3 1 1 2 3 2 1 3 8 3 Alerts 20 | . . . . . . . . . . . . 3 3 3 2 2 1 . . 1 3 1 1 . . . . . . . Misdirections 1 | . . . . . . . . . . . . 1 . . . . . . . . . . . . . . . . . . Weapon Failures 24 | . . . . . . . . . . . . 2 . 1 5 . . . . . 3 . 1 2 2 . . 1 5 2 Overload Shots . | . . . . . . . . . . . . . . . . . . . . . . . . . . . . . . . Overflow Damage 1909 | . . . . . 305 . 23 34 3 141 20 361 31 . . 12 . . . . 61 287 54 5 . 37 44 93 215 183 Projectiles 849 | . . . . . 1 . 23 34 3 . 20 161 31 . . . . . . . 61 247 40 5 . 37 31 93 22 40 Explosions 427 | . . . . . 34 . . . . 23 . . . . . . . . . . . 40 14 . . . . . 179 137 Melee 633 | . . . . . 270 . . . . 118 . 200 . . . 12 . . . . . . . . . . 13 . 14 6 Knockbacks 53 | . . . . . 2 . 9 7 16 3 6 8 . . . . 1 . . . . . . . . . 1 . . . Impact 3 | . . . . . 1 . . . . . . . . . . . 1 . . . . . . . . . 1 . . . Kinetic 47 | . . . . . 1 . 8 7 14 3 6 8 . . . . . . . . . . . . . . . . . . Secondary 3 | . . . . . . . 1 . 2 . . . . . . . . . . . . . . . . . . . . . Self-Inflicted Damage 337 | . . . . . 38 . . . . . . . . 87 . . . . . . 13 50 55 . . . . . 45 49 Shots 10 | . . . . . 2 . . . . . . . . 3 . . . . . . 1 1 1 . . . . . 1 1 Rammed 13 | . . . . . 1 . . 2 . . . . . . . 1 1 . 2 . 1 . . . . . 1 . 2 2 Targets Rammed 17 | . . . . . 1 . . 2 . . . . . . . 1 1 . 2 . 1 . . . . . 2 . 4 3 Kicked . | . . . . . . . . . . . . . . . . . . . . . . . . . . . . . . . Crushed 4 | . . . . . . . . . . . . . . . . . . . . . . . . . . . 1 . 2 1 Highest Temperature 500 | . . . . . 303 . 10 366 282 84 30 241 188 186 203 13 . 478 20 27 386 500 435 114 157 108 21 228 258 252 Average Temperature 92 | . . . . . 104 . 4 121 84 17 11 106 85 72 46 8 . 188 20 27 105 155 107 59 53 57 11 74 88 102 Received Heat Transfer 4396 | . . . . . 468 . 63 126 98 45 264 708 138 90 226 63 38 81 . 45 449 301 118 39 354 54 9 98 152 369 Effects 7 | . . . . . 1 . . 3 . . . . . . . . . . . . 1 1 1 . . . . . . . Shutdowns 1 | . . . . . . . . . . . . . . . . . . . . . . 1 . . . . . . . . Energy Bleed 1 | . . . . . 1 . . . . . . . . . . . . . . . . . . . . . . . . . Interference 3 | . . . . . . . . 3 . . . . . . . . . . . . . . . . . . . . . . Short Circuit 2 | . . . . . . . . . . . . . . . . . . . . . 1 . 1 . . . . . . . Siege Activations 65 | . . . . . . . . . . . . . . 5 11 6 . 3 . 3 5 3 2 3 1 1 2 5 11 4 Total Turns 1007 | . . . . . . . . . . . . . . 50 156 112 . 43 . 32 118 36 10 74 9 9 28 132 165 33 Longest Duration 49 | . . . . . . . . . . . . . . 13 49 38 . 17 . 19 45 30 8 48 9 9 18 44 45 19 Robots Corrupted . | . . . . . . . . . . . . . . . . . . . . . . . . . . . . . . . Combat Hostiles . | . . . . . . . . . . . . . . . . . . . . . . . . . . . . . . . Parts Fried 7 | . . . . . 6 . . . . . . . . . . . . . . . . . . . . . . . 1 . Impact Corruptions 14 | . . . . . 10 . . . . . . . . . . 1 . . . . . . . . . . 1 . 1 1 Robots Melted 19 | . . . . . . . . . . . . 3 . 1 . 1 1 . . 2 1 1 1 1 . 2 . 3 2 . Combat Hostiles 18 | . . . . . . . . . . . . 3 . 1 . 1 1 . . 2 1 . 1 1 . 2 . 3 2 . Parts Melted 207 | . . . . . 1 . . . . . . 6 5 14 9 23 6 4 . 9 5 1 2 13 7 22 17 23 29 11 Heat Transferred 65241 | . . . . . 1479 . . . . 50 . 3150 1312 3515 3915 5291 814 1554 740 1591 3851 1558 2747 2961 3699 5476 1665 4740 10696 4437 Parts Sabotaged . | . . . . . . . . . . . . . . . . . . . . . . . . . . . . . . . Parts Stolen . | . . . . . . . . . . . . . . . . . . . . . . . . . . . . . . . Parts Stripped . | . . . . . . . . . . . . . . . . . . . . . . . . . . . . . . . Power Chain Reactions 10 | . . . . . 2 . . . . . . . 4 . . . . . . . 1 2 1 . . . . . . . Alert | -11 -10 -10 -10 -9 -8 -7 -7 -6 -6 -6 -6 -5 -5 -5 -5 -4 -4 -4 -4 -4 -4 -3 -3 -3 -3 -2 -1 -1 -1 -1 ------- Run | Yrd Mat Min Exi Min Mat Fac DSF Fac Gar Fac Gar Fac Gar Fac Gar Fac Ext Cet Arc Hub Gar Res Gar Res Gar Res Acc Gar Acc Com Peak Influence 2139 | . . . . . 469 27 168 138 833 585 669 366 933 447 1241 544 173 138 154 203 2139 1003 1818 771 1186 842 303 1210 927 828 Initial 903 | . . . . . . 27 14 65 7 324 25 241 8 363 22 483 36 1 38 36 108 903 525 767 71 500 151 1 550 155 Average 369 | . . . . . 123 27 50 62 463 203 298 100 504 159 595 230 65 68 127 66 913 826 1210 407 649 515 126 677 265 164 Maximum Alert Level 5 | . . . . . 2 . . . 3 2 2 1 3 2 4 2 . . . 1 5 3 5 3 4 3 1 4 3 3 Low Security (%) 50 | 100 100 100 . 100 75 100 100 100 30 63 39 83 9 75 16 52 100 100 100 96 9 . . 29 13 2 83 12 56 77 Level 1 14 | . . . . . 18 . . . 6 15 27 16 28 13 17 25 . . . 3 13 . . 19 13 21 16 17 20 15 Level 2 16 | . . . . . 6 . . . 38 21 32 . 37 10 24 21 . . . . 20 11 21 25 22 65 . 11 13 2 Level 3 12 | . . . . . . . . . 24 . . . 23 . 29 . . . . . 20 88 4 25 46 10 . 49 9 4 Level 4 4 | . . . . . . . . . . . . . . . 12 . . . . . 17 . 51 . 3 . . 8 . . Level 5 2 | . . . . . . . . . . . . . . . . . . . . . 18 . 21 . . . . . . . High Security . | . . . . . . . . . . . . . . . . . . . . . . . . . . . . . . . Max Security . | . . . . . . . . . . . . . . . . . . . . . . . . . . . . . . . Squads Dispatched 112 | . . . . . 7 . 1 4 . 6 . 11 . 3 . 8 1 . . 8 . 11 . 5 . 8 2 . 27 10 Investigation 5 | . . . . . . . . 1 . . . 1 . . . . . . . . . . . . . . . . . 3 Extermination 56 | . . . . . . . . 3 . 3 . 7 . 3 . 8 . . . 3 . 2 . 3 . 5 1 . 12 6 Reinforcement 19 | . . . . . 3 . 1 . . 1 . 2 . . . . 1 . . 2 . . . . . 2 1 . 5 1 Assault 14 | . . . . . . . . . . 2 . . . . . . . . . . . 5 . 2 . 1 . . 4 . Garrison 18 | . . . . . 4 . . . . . . 1 . . . . . . . 3 . 4 . . . . . . 6 . Intercept . | . . . . . . . . . . . . . . . . . . . . . . . . . . . . . . . Searches Triggered . | . . . . . . . . . . . . . . . . . . . . . . . . . . . . . . . Construction Impeded 4 | . . . . . . . . . . . . 1 . . . . . . . . . . . . . . 1 . 2 . Haulers Reinforced 4 | . . . . . . . . . . 1 . 1 . . . . . . . . . . . . . . . . 2 . Active Scanning Responses . | . . . . . . . . . . . . . . . . . . . . . . . . . . . . . . . Cargo Convoy Interrupts 1 | . . . . . . . . . . . . . . . . . . . . . . 1 . . . . . . . . Stealth | -11 -10 -10 -10 -9 -8 -7 -7 -6 -6 -6 -6 -5 -5 -5 -5 -4 -4 -4 -4 -4 -4 -3 -3 -3 -3 -2 -1 -1 -1 -1 --------- Run | Yrd Mat Min Exi Min Mat Fac DSF Fac Gar Fac Gar Fac Gar Fac Gar Fac Ext Cet Arc Hub Gar Res Gar Res Gar Res Acc Gar Acc Com Distress Signals 30 | . . . . . 6 . . 1 . 2 . 4 . . . 1 1 1 . 2 . 3 . 1 . 4 2 . 1 1 Communications Jammed . | . . . . . . . . . . . . . . . . . . . . . . . . . . . . . . . Distress Signals . | . . . . . . . . . . . . . . . . . . . . . . . . . . . . . . . Times Spotted 934 | . . . . . 51 . 5 12 20 32 26 80 28 26 36 35 12 18 5 21 28 57 30 31 44 52 17 41 138 89 Peak Tracking Total 50 | . . . . . 9 . 3 3 5 5 8 6 6 4 6 5 4 5 1 6 5 10 9 5 4 5 7 7 6 50 Tactical Retreats 46 | . . . . . 1 . 2 . 1 1 3 1 2 1 1 3 1 . . 2 1 3 2 1 4 2 2 3 2 7 Traps | -11 -10 -10 -10 -9 -8 -7 -7 -6 -6 -6 -6 -5 -5 -5 -5 -4 -4 -4 -4 -4 -4 -3 -3 -3 -3 -2 -1 -1 -1 -1 ------- Run | Yrd Mat Min Exi Min Mat Fac DSF Fac Gar Fac Gar Fac Gar Fac Gar Fac Ext Cet Arc Hub Gar Res Gar Res Gar Res Acc Gar Acc Com Traps Triggered 35 | . . . . . 4 . . . 3 . 1 . 9 1 6 . . . . . 1 . 8 . 2 . . . . . Indirectly 3 | . . . . . 3 . . . . . . . . . . . . . . . . . . . . . . . . . Trap Hack Attempts . | . . . . . . . . . . . . . . . . . . . . . . . . . . . . . . . Triggered . | . . . . . . . . . . . . . . . . . . . . . . . . . . . . . . . Disarmed . | . . . . . . . . . . . . . . . . . . . . . . . . . . . . . . . Reprogrammed . | . . . . . . . . . . . . . . . . . . . . . . . . . . . . . . . Reused 2 | . . . . . . . . . . . . . . . . . . . . . 2 . . . . . . . . . Traps Extracted . | . . . . . . . . . . . . . . . . . . . . . . . . . . . . . . . Installed 2 | . . . . . . . . . . . . . . . . . . . . . 2 . . . . . . . . . Triggered 4 | . . . . . . . . . . . . . . . . . . . . . 2 2 . . . . . . . . Most Traps Carried 2 | . . . . . . . . . . . . . . . . . . . . . 2 . . . . . . . . . Machines | -11 -10 -10 -10 -9 -8 -7 -7 -6 -6 -6 -6 -5 -5 -5 -5 -4 -4 -4 -4 -4 -4 -3 -3 -3 -3 -2 -1 -1 -1 -1 ---------- Run | Yrd Mat Min Exi Min Mat Fac DSF Fac Gar Fac Gar Fac Gar Fac Gar Fac Ext Cet Arc Hub Gar Res Gar Res Gar Res Acc Gar Acc Com Machines Disabled 128 | . . . . . 3 . 1 . 6 11 1 28 6 9 6 2 1 5 . 1 9 . 8 1 5 1 . 9 9 6 Max in Single Turn 14 | . . . . . 3 . 1 . 1 3 1 14 1 2 1 1 1 1 . 1 1 . 3 1 1 1 . 1 1 2 Garrison Access 2 | . . . . . . . . . . 1 . 1 . . . . . . . . . . . . . . . . . . Garrison Relay 31 | . . . . . . . . . 3 . 1 . 3 . 5 . . . . . 3 . 7 . 4 . . 5 . . Phase Generator 1 | . . . . . . . . . . . . . . . . . . . . . . . . . . . . . . 1 Energy Cycler 4 | . . . . . . . . . . . . . . . . . 2 . . . . . . . . . . . 2 . Machines Repaired . | . . . . . . . . . . . . . . . . . . . . . . . . . . . . . . . Machines Dismantled . | . . . . . . . . . . . . . . . . . . . . . . . . . . . . . . . Machines Sabotaged . | . . . . . . . . . . . . . . . . . . . . . . . . . . . . . . . Overloaded Fab Kills . | . . . . . . . . . . . . . . . . . . . . . . . . . . . . . . . Hacking | -11 -10 -10 -10 -9 -8 -7 -7 -6 -6 -6 -6 -5 -5 -5 -5 -4 -4 -4 -4 -4 -4 -3 -3 -3 -3 -2 -1 -1 -1 -1 --------- Run | Yrd Mat Min Exi Min Mat Fac DSF Fac Gar Fac Gar Fac Gar Fac Gar Fac Ext Cet Arc Hub Gar Res Gar Res Gar Res Acc Gar Acc Com Machines Accessed 124 | . . . 3 . 8 1 . 5 2 13 1 16 1 10 2 10 14 2 1 5 4 3 1 4 3 5 1 1 . 8 Terminals 82 | . . . . . 7 1 . 2 2 5 1 10 1 3 2 6 14 2 . 4 4 1 1 3 3 3 . 1 . 6 Fabricators 11 | . . . . . . . . 1 . 3 . 2 . 2 . 2 . . . . . . . . . 1 . . . . Repair Stations 13 | . . . . . 1 . . . . 2 . 2 . 3 . 2 . . . . . . . . . 1 . . . 2 Recycling Units 1 | . . . . . . . . . . 1 . . . . . . . . . . . . . . . . . . . . Scanalyzers 2 | . . . . . . . . . . . . . . 1 . . . . . . . 1 . . . . . . . . Garrison Access 11 | . . . . . . . . 2 . 2 . 2 . 1 . . . . . 1 . 1 . 1 . . 1 . . . Total Hacks 344 | . . . 18 . 26 1 . 10 3 29 2 35 1 25 2 27 53 6 25 22 7 6 3 9 5 13 1 1 . 14 Successful 205 | . . . 18 . 17 1 . 2 1 18 1 19 1 17 . 16 30 4 25 12 1 3 . 6 2 8 1 . . 2 Failed 139 | . . . . . 9 . . 8 2 11 1 16 . 8 2 11 23 2 . 10 6 3 3 3 3 5 . 1 . 12 Catastrophic 25 | . . . . . 1 . . 2 1 1 . 2 . . 2 3 4 1 . 2 3 1 . . 1 . . . . 1 Database Lockouts . | . . . . . . . . . . . . . . . . . . . . . . . . . . . . . . . Manual 138 | . . . 1 . 14 . . 2 2 9 . 16 1 10 2 11 24 1 . 16 6 1 3 5 2 5 . 1 . 6 Terminals 224 | . . . . . 24 1 . 4 3 12 2 23 1 12 2 18 53 6 . 21 7 1 3 8 5 7 . 1 . 10 Fabricators 20 | . . . . . . . . 1 . 5 . 3 . 4 . 4 . . . . . . . . . 3 . . . . Repair Stations 35 | . . . . . 2 . . . . 8 . 7 . 6 . 5 . . . . . . . . . 3 . . . 4 Recycling Units 2 | . . . . . . . . . . 2 . . . . . . . . . . . . . . . . . . . . Scanalyzers 6 | . . . . . . . . . . . . . . 2 . . . . . . . 4 . . . . . . . . Garrison Access 14 | . . . . . . . . 5 . 2 . 2 . 1 . . . . . 1 . 1 . 1 . . 1 . . . Terminal Hacks 118 | . . . 18 . 9 1 . . 1 3 1 5 1 3 . 7 24 4 25 8 1 . . 4 2 . . . . 1 Record 48 | . . . 17 . . . . . . . . 1 . . . . . 4 25 . . . . . . . . . . 1 Part Schematic 2 | . . . . . . . . . . . . . . . . . 2 . . . . . . . . . . . . . Robot Analysis 5 | . . . . . 1 . . . . . . 1 . . . 2 1 . . . . . . . . . . . . . Prototype ID Bank 8 | . . . . . 5 . . . . . . . . 1 . . 1 . . 1 . . . . . . . . . . Open Door 9 | . . . . . . . . . . . 1 . . . . . 6 . . . 1 . . . 1 . . . . . Open DSF 1 | . . . . . . 1 . . . . . . . . . . . . . . . . . . . . . . . . Level Access Points 1 | . . . . . . . . . . . . . . . . . . . . 1 . . . . . . . . . . Branch Access Points 3 | . . . . . 1 . . . . . . . . . . . 1 . . 1 . . . . . . . . . . Machine Index 3 | . . . . . . . . . . . . 1 . . . . 1 . . 1 . . . . . . . . . . Terminal Index 5 | . . . . . 1 . . . . . . . . 1 . 1 1 . . 1 . . . . . . . . . . Repair Station Index 1 | . . . . . . . . . . . . 1 . . . . . . . . . . . . . . . . . . Garrison Index 1 | . . . . . . . . . . 1 . . . . . . . . . . . . . . . . . . . . Unreport Threat 1 | . . . . . . . . . . . . . . . . . . . . . . . . 1 . . . . . . Locate Traps 8 | . . . . . . . . . . . . . . 1 . 1 3 . . 1 . . . 2 . . . . . . Dispatch Records 3 | . . . . . . . . . . . . . . . . . 2 . . . . . . 1 . . . . . . Transport Status 1 | . . . . . . . . . . . . . . . . . 1 . . . . . . . . . . . . . Recall Extermination 1 | . . . . . . . . . . . . . . . . 1 . . . . . . . . . . . . . . Hauler Manifests 4 | . . . . . 1 . . . . 1 . . . . . 1 . . . 1 . . . . . . . . . . Registered Components 4 | . . . . . . . . . . 1 . . . . . 1 1 . . 1 . . . . . . . . . . Registered Prototypes 1 | . . . . . . . . . . . . . . . . . 1 . . . . . . . . . . . . . Zone Layout 4 | . . . . . . . . . . . . 1 . . . . 3 . . . . . . . . . . . . . Garrison Registry 3 | . . . . . . . . . 1 . . . 1 . . . . . . . . . . . 1 . . . . . Derelict Proto ID Bank 1 | . . . 1 . . . . . . . . . . . . . . . . . . . . . . . . . . . Fabricator Hacks 13 | . . . . . . . . 1 . 3 . 2 . 2 . 2 . . . . . . . . . 3 . . . . Network Status 8 | . . . . . . . . . . 2 . 2 . 2 . 1 . . . . . . . . . 1 . . . . Load Schematic 1 | . . . . . . . . . . . . . . . . . . . . . . . . . . 1 . . . . Build 4 | . . . . . . . . 1 . 1 . . . . . 1 . . . . . . . . . 1 . . . . Repair Station Hacks 25 | . . . . . 2 . . . . 8 . 4 . 4 . 4 . . . . . . . . . 2 . . . 1 Scan Component 13 | . . . . . 1 . . . . 4 . 2 . 2 . 2 . . . . . . . . . 1 . . . 1 Repair 12 | . . . . . 1 . . . . 4 . 2 . 2 . 2 . . . . . . . . . 1 . . . . Recycling Unit Hacks 1 | . . . . . . . . . . 1 . . . . . . . . . . . . . . . . . . . . Report Inventory 1 | . . . . . . . . . . 1 . . . . . . . . . . . . . . . . . . . . Scanalyzer 4 | . . . . . . . . . . . . . . 2 . . . . . . . 2 . . . . . . . . Insert Component 2 | . . . . . . . . . . . . . . 1 . . . . . . . 1 . . . . . . . . Analyze 2 | . . . . . . . . . . . . . . 1 . . . . . . . 1 . . . . . . . . Garrison Access Hacks 10 | . . . . . . . . 1 . 2 . 2 . 1 . . . . . 1 . 1 . 1 . . 1 . . . Unlock Access 8 | . . . . . . . . 1 . 1 . 1 . 1 . . . . . 1 . 1 . 1 . . 1 . . . Seal Access 2 | . . . . . . . . . . 1 . 1 . . . . . . . . . . . . . . . . . . Unauthorized Hacks 34 | . . . . . 6 . . . . 1 . 6 . 5 . 3 6 . . 3 . . . 1 . 3 . . . . Terminals 32 | . . . . . 6 . . . . 1 . 6 . 3 . 3 6 . . 3 . . . 1 . 3 . . . . Assimilate 3 | . . . . . 1 . . . . . . 2 . . . . . . . . . . . . . . . . . . Botnet 25 | . . . . . 4 . . . . 1 . 4 . 2 . 2 5 . . 3 . . . 1 . 3 . . . . Disrupt 1 | . . . . . . . . . . . . . . . . . 1 . . . . . . . . . . . . . Operators 3 | . . . . . 1 . . . . . . . . 1 . 1 . . . . . . . . . . . . . . Fabricators 2 | . . . . . . . . . . . . . . 2 . . . . . . . . . . . . . . . . Prioritize 1 | . . . . . . . . . . . . . . 1 . . . . . . . . . . . . . . . . Haulers 1 | . . . . . . . . . . . . . . 1 . . . . . . . . . . . . . . . . Repair Stations . | . . . . . . . . . . . . . . . . . . . . . . . . . . . . . . . Recycling Units . | . . . . . . . . . . . . . . . . . . . . . . . . . . . . . . . Scanalyzers . | . . . . . . . . . . . . . . . . . . . . . . . . . . . . . . . Garrison Access . | . . . . . . . . . . . . . . . . . . . . . . . . . . . . . . . Data Cores Recovered 4 | . . . . . . . . . . . . . . . . . 2 . . 1 . . . . . 1 . . . . Used . | . . . . . . . . . . . . . . . . . . . . . . . . . . . . . . . Hacking Detections 101 | . . . . . 8 . . 5 2 9 1 13 . 8 2 10 9 2 . 4 3 2 1 4 3 5 1 1 . 8 Full Trace Events 4 | . . . . . . . . 1 . . 1 1 . . . . . . . . . . . . . . . . . 1 Feedback Events . | . . . . . . . . . . . . . . . . . . . . . . . . . . . . . . . Feedback Blocked . | . . . . . . . . . . . . . . . . . . . . . . . . . . . . . . . Robot Schematics Acquired . | . . . . . . . . . . . . . . . . . . . . . . . . . . . . . . . Robots Built 3 | . . . . . . . . . . 3 . . . . . . . . . . . . . . . . . . . . Authchips . | . . . . . . . . . . . . . . . . . . . . . . . . . . . . . . . Time 152 | . . . . . . . . . . 152 . . . . . . . . . . . . . . . . . . . . Total Robot Build Rating 15 | . . . . . . . . . . 15 . . . . . . . . . . . . . . . . . . . . Part Schematics Acquired 3 | . . . . . . . . . . . . . . 1 . . 2 . . . . . . . . . . . . . Parts Built 5 | . . . . . . . . 2 . . . . . . . 2 . . . . . . . . . 1 . . . . Authchips . | . . . . . . . . . . . . . . . . . . . . . . . . . . . . . . . Time 175 | . . . . . . . . 64 . . . . . . . 58 . . . . . . . . . 53 . . . . Total Part Build Rating 36 | . . . . . . . . 16 . . . . . . . 14 . . . . . . . . . 6 . . . . Parts Repaired 11 | . . . . . 1 . . . . 4 . 1 . 2 . 2 . . . . . . . . . 1 . . . . Time 502 | . . . . . 26 . . . . 121 . 102 . 81 . 148 . . . . . . . . . 24 . . . . Parts Recycled . | . . . . . . . . . . . . . . . . . . . . . . . . . . . . . . . Recycled Matter . | . . . . . . . . . . . . . . . . . . . . . . . . . . . . . . . Retrieved Matter . | . . . . . . . . . . . . . . . . . . . . . . . . . . . . . . . Retrieved Components . | . . . . . . . . . . . . . . . . . . . . . . . . . . . . . . . Parts Scanalyzed 2 | . . . . . . . . . . . . . . 1 . . . . . . . 1 . . . . . . . . Part Schematics Acquired 1 | . . . . . . . . . . . . . . 1 . . . . . . . . . . . . . . . . Parts Damaged . | . . . . . . . . . . . . . . . . . . . . . . . . . . . . . . . Bothacking | -11 -10 -10 -10 -9 -8 -7 -7 -6 -6 -6 -6 -5 -5 -5 -5 -4 -4 -4 -4 -4 -4 -3 -3 -3 -3 -2 -1 -1 -1 -1 ------------ Run | Yrd Mat Min Exi Min Mat Fac DSF Fac Gar Fac Gar Fac Gar Fac Gar Fac Ext Cet Arc Hub Gar Res Gar Res Gar Res Acc Gar Acc Com Used RIF Installer 9 | . . . . . . . . . 1 . 1 . 1 . 1 . . . . . 1 . 2 . 1 . . 1 . . Coupler Efficiency 1 | . . . . . . . . . . . . . . . . . . . . . . . 1 . . . . . . . Code Merge 2 | . . . . . . . . . . . . . . . . . . . . . . . 1 . . . . 1 . . Command Fork 1 | . . . . . . . . . . . . . . . 1 . . . . . . . . . . . . . . . Robot Detection 1 | . . . . . . . . . . . . . 1 . . . . . . . . . . . . . . . . . Structural Interface 1 | . . . . . . . . . . . 1 . . . . . . . . . . . . . . . . . . . Autooverride 1 | . . . . . . . . . . . . . . . . . . . . . 1 . . . . . . . . . Autoassimilate 1 | . . . . . . . . . . . . . . . . . . . . . . . . . 1 . . . . . Robots Hacked 179 | . . . . . . . . . . . . 1 4 7 . 4 . 3 1 3 4 11 5 13 11 14 5 13 45 35 Non-combat 33 | . . . . . . . . . . . . 1 . 6 . 2 . . . 3 . 2 . 7 . 3 . . 7 2 Combat 146 | . . . . . . . . . . . . . 4 1 . 2 . 3 1 . 4 9 5 6 11 11 5 13 38 33 Autooverrided 31 | . . . . . . . . . . . . . . . . . . . . . 2 3 4 2 . 4 . 2 7 7 Autoassimilated 25 | . . . . . . . . . . . . . . . . . . . . . . . . . . 4 1 2 6 12 Robot Hacks Applied 157 | . . . . . . . . . . . . 3 4 10 . 5 . 3 1 3 2 12 1 14 11 9 4 9 46 20 parse_system 7 | . . . . . . . . . . . . . . 1 . 1 . 1 . . . . . 1 . 1 . . . 2 no_distress 5 | . . . . . . . . . . . . . . 2 . 1 . . . . . 1 . 1 . . . . . . generate_echo 3 | . . . . . . . . . . . . 1 . . . . . . . . . . . . . . . . 1 1 ignore_repairs 5 | . . . . . . . . . . . . 1 . 2 . . . . . . . . . 2 . . . . . . map_walls 2 | . . . . . . . . . . . . 1 . . . . . . . . . . . 1 . . . . . . drop_inventory 7 | . . . . . . . . . . . . . . . . 2 . . . 1 . . . 1 . 1 . . 2 . recall_reinforcements 1 | . . . . . . . . . . . . . . . . . . . . . . . . . . . . . 1 . find_recycling 1 | . . . . . . . . . . . . . . . . . . . . . . 1 . . . . . . . . ignore_parts 9 | . . . . . . . . . . . . . . 4 . . . . . 1 . 2 . 2 . . . . . . purge_threat 9 | . . . . . . . . . . . . . . . . . . . . . . . . . . . . . 9 . find_terminals 1 | . . . . . . . . . . . . . . . . . . . . 1 . . . . . . . . . . scatter_targeting 10 | . . . . . . . . . . . . . . . . . . . . . . 1 . . . 1 1 2 4 1 mark_system 1 | . . . . . . . . . . . . . . . . . . . . . . . . . . . . . . 1 spike_heat 1 | . . . . . . . . . . . . . 1 . . . . . . . . . . . . . . . . . overload_power 2 | . . . . . . . . . . . . . . . . . . . . . . . . 1 . . . . 1 . amplify_resonance 11 | . . . . . . . . . . . . . . . . . . . . . . 1 . . 1 1 . 2 4 2 disable_weapons 2 | . . . . . . . . . . . . . . . . . . . . . . 1 . . . . . 1 . . overwrite_iff 26 | . . . . . . . . . . . . . 3 1 . 1 . 2 1 . . 5 . 1 . 3 1 2 3 3 formatsys_low 7 | . . . . . . . . . . . . . . . . . . . . . . . . 2 . 2 . . 2 1 formatsys_high 47 | . . . . . . . . . . . . . . . . . . . . . 2 . 1 2 10 . 2 2 19 9 Relay Couplers Released 125 | . . . . . . . . . 14 . 5 . 10 . 19 . . . . . 13 . 28 . 16 . . 20 . . Machine Destruction 125 | . . . . . . . . . 14 . 5 . 10 . 19 . . . . . 13 . 28 . 16 . . 20 . . Attached 41 | . . . . . . . . . . . . 1 5 1 1 1 . . . . 4 1 7 . 5 1 . 6 3 5 Merged Code Value 378 | . . . . . . . . . . . . . . . . . . . . . . . 123 . 121 . . 134 . . Fabnet Peak Effective % . | . . . . . . . . . . . . . . . . . . . . . . . . . . . . . . . Robots Rewired 13 | . . . . . . . . . 2 . 3 . 1 . . . . . . . . . 2 . 3 . . 2 . . Allies Hacked 17 | . . . . . . . . . . . . . . . . . . . . . . . 1 1 1 1 . . 9 4 Hacks Repelled . | . . . . . . . . . . . . . . . . . . . . . . . . . . . . . . . Allies | -11 -10 -10 -10 -9 -8 -7 -7 -6 -6 -6 -6 -5 -5 -5 -5 -4 -4 -4 -4 -4 -4 -3 -3 -3 -3 -2 -1 -1 -1 -1 -------- Run | Yrd Mat Min Exi Min Mat Fac DSF Fac Gar Fac Gar Fac Gar Fac Gar Fac Ext Cet Arc Hub Gar Res Gar Res Gar Res Acc Gar Acc Com Total Allies 181 | . . . . 1 . . . . 3 3 3 2 6 1 . 1 11 2 1 . 5 11 7 7 16 13 5 13 35 35 Largest Group 7 | . . . . 1 . . . . 3 4 3 1 3 2 . 1 6 4 1 . 1 3 3 2 7 3 5 6 6 6 Highest-Rated Group 673 | . . . . 31 . . . . 267 267 104 10 274 187 . 49 372 176 64 . 116 163 262 94 379 171 294 550 470 673 Highest-Rated Ally 219 | . . . . 31 . . . . 119 119 46 10 99 99 . 49 159 47 64 . 116 116 99 64 95 69 69 219 178 216 Total Orders 23 | . . . . . . . . . 3 . . . . . . . . . . . . . . 2 3 3 . 1 7 4 STAY 8 | . . . . . . . . . 2 . . . . . . . . . . . . . . . 1 . . 1 2 2 FOLLOW 4 | . . . . . . . . . 1 . . . . . . . . . . . . . . . 1 . . . . 2 AID 11 | . . . . . . . . . . . . . . . . . . . . . . . . 2 1 3 . . 5 . Ally Attacks 982 | . . . . . . . . . 8 95 10 . 28 11 . 4 44 50 4 . 12 23 28 16 79 58 16 99 265 132 Total Damage 45368 | . . . . . . . . . 510 3024 270 . 1372 293 . 98 1439 1195 162 . 667 858 1065 424 3620 2077 561 4991 11946 10796 Kills 182 | . . . . . . . . . 2 23 . . 7 3 . . 5 2 . . 3 1 3 1 15 9 1 13 53 41 Allies Corrupted 14 | . . . . . . . . . . . . . . . . . . . . . . . 2 . 2 . . 1 8 1 Allies Melted 2 | . . . . . . . . . . . . . 1 . . . . . . . . 1 . . . . . . . . Intel | -11 -10 -10 -10 -9 -8 -7 -7 -6 -6 -6 -6 -5 -5 -5 -5 -4 -4 -4 -4 -4 -4 -3 -3 -3 -3 -2 -1 -1 -1 -1 ------- Run | Yrd Mat Min Exi Min Mat Fac DSF Fac Gar Fac Gar Fac Gar Fac Gar Fac Ext Cet Arc Hub Gar Res Gar Res Gar Res Acc Gar Acc Com Robot Analysis Total 5 | . . . . . 1 . . . . . . 1 . . . 2 1 . . . . . . . . . . . . . Derelict Logs Recovered 1 | . . . . 1 . . . . . . . . . . . . . . . . . . . . . . . . . . Drone Launches . | . . . . . . . . . . . . . . . . . . . . . . . . . . . . . . . Drone Recoveries . | . . . . . . . . . . . . . . . . . . . . . . . . . . . . . . . Exploration | -11 -10 -10 -10 -9 -8 -7 -7 -6 -6 -6 -6 -5 -5 -5 -5 -4 -4 -4 -4 -4 -4 -3 -3 -3 -3 -2 -1 -1 -1 -1 ------------- Run | Yrd Mat Min Exi Min Mat Fac DSF Fac Gar Fac Gar Fac Gar Fac Gar Fac Ext Cet Arc Hub Gar Res Gar Res Gar Res Acc Gar Acc Com Turns Passed 49927 | 2 123 143 1507 475 2646 5 231 1380 1537 2790 1369 5400 1570 2497 2064 2331 819 651 366 1334 3497 1083 2024 1569 1858 1875 601 1644 4337 2199 Spaces Moved 20577 | 2 64 84 936 281 1085 3 119 547 550 1079 466 1885 567 862 675 1005 483 186 132 457 1105 321 711 717 977 749 263 803 2227 1236 Core 86 | . . . . . . . . . . . . . . . . . . . . . . . . . . . . . . 86 Treads 20410 | . . 69 936 281 1085 3 119 547 550 1079 466 1885 567 862 675 1005 483 186 132 457 1105 321 711 717 977 749 263 803 2227 1150 Legs 81 | 2 64 15 . . . . . . . . . . . . . . . . . . . . . . . . . . . . Wheels . | . . . . . . . . . . . . . . . . . . . . . . . . . . . . . . . Hover . | . . . . . . . . . . . . . . . . . . . . . . . . . . . . . . . Flight . | . . . . . . . . . . . . . . . . . . . . . . . . . . . . . . . Fastest Speed 50 | 120 190 160 160 160 160 160 160 156 235 236 236 160 236 166 249 160 160 160 245 245 240 240 165 165 165 162 150 160 150 50 Average Speed 204 | 120 190 165 160 165 202 160 160 220 235 236 236 237 245 248 249 169 160 238 245 263 277 254 247 179 165 196 171 160 159 145 Slowest Speed 340 | 120 190 190 160 240 240 160 160 240 236 236 236 240 249 249 249 250 160 245 340 270 320 260 260 245 165 247 250 160 161 240 Overloaded Moves . | . . . . . . . . . . . . . . . . . . . . . . . . . . . . . . . Propulsion Burnouts . | . . . . . . . . . . . . . . . . . . . . . . . . . . . . . . . Robots Hopped . | . . . . . . . . . . . . . . . . . . . . . . . . . . . . . . . Cave-ins Triggered . | . . . . . . . . . . . . . . . . . . . . . . . . . . . . . . . Exploration Rate (%) 53 | 1 19 28 93 74 86 . 76 13 59 35 39 56 72 26 82 28 73 82 88 41 87 10 87 20 93 27 9 95 61 34 Regions Visited 30 Branch Regions 8 Pre-discovered Areas . | . . . . . . . . . . . . . . . . . . . . . . . . . . . . . . . Known Exits Taken 21 | 1 1 1 1 1 1 1 . 1 . 1 . 1 . 1 . 1 1 1 1 1 . 1 . 1 . 1 1 . 1 . Unknown Exits Taken . | . . . . . . . . . . . . . . . . . . . . . . . . . . . . . . . Scrap Searched 2 | . . . . 2 . . . . . . . . . . . . . . . . . . . . . . . . . . Spaces Dug 189 | . . . . . 9 . . 15 . 15 14 46 . 46 . 11 2 . 1 1 2 4 . 2 . 13 2 1 5 . Terrain Destroyed 938 | . . . . . 23 . . 17 . 34 14 163 18 113 . 37 2 2 2 13 18 64 94 9 . 45 3 8 124 135 Melee 79 | . . . . . 9 . . 15 . 15 14 26 . . . . . . . . . . . . . . . . . . Projectile 301 | . . . . . 8 . . 2 . 5 . 70 2 45 . 37 2 2 2 13 18 19 12 9 . 36 3 8 7 1 AOE 555 | . . . . . 6 . . . . 14 . 64 16 68 . . . . . . . 45 82 . . 9 . . 117 134 Terrain Rammed . | . . . . . . . . . . . . . . . . . . . . . . . . . . . . . . . Walls Destroyed . | . . . . . . . . . . . . . . . . . . . . . . . . . . . . . . . Machines Disabled . | . . . . . . . . . . . . . . . . . . . . . . . . . . . . . . . Actions | -11 -10 -10 -10 -9 -8 -7 -7 -6 -6 -6 -6 -5 -5 -5 -5 -4 -4 -4 -4 -4 -4 -3 -3 -3 -3 -2 -1 -1 -1 -1 --------- Run | Yrd Mat Min Exi Min Mat Fac DSF Fac Gar Fac Gar Fac Gar Fac Gar Fac Ext Cet Arc Hub Gar Res Gar Res Gar Res Acc Gar Acc Com Total 25802 | 1 65 87 944 294 1389 3 146 654 695 1259 606 2442 685 1095 947 1500 513 349 152 542 1396 481 878 914 1145 989 373 1037 2721 1500 Wait 2383 | . . 2 . . 142 . 1 56 29 131 49 256 2 139 198 354 6 130 4 39 174 36 37 100 16 102 52 103 162 63 Move 20547 | 1 63 83 935 280 1084 2 118 547 548 1078 465 1885 566 862 673 1004 482 185 131 457 1103 321 709 717 975 748 263 801 2226 1235 Hop . | . . . . . . . . . . . . . . . . . . . . . . . . . . . . . . . Pick Up 250 | . . . 6 7 26 . 4 2 21 2 2 23 17 4 5 8 3 2 . 5 13 12 12 4 24 7 3 9 18 11 Fast Attach 150 | . . . . . 7 . 1 1 5 3 . 9 1 3 1 18 3 . 2 4 4 12 9 12 8 7 11 4 15 10 Attach 86 | . 1 . . . 5 1 . 2 2 . 1 8 . 2 . 3 1 . . 5 5 5 7 1 1 6 1 2 9 18 Detach 38 | . . . . . . . . . . . . 1 . . . 3 . . . . 3 1 5 1 2 1 1 . 5 15 Swap 274 | . 1 2 3 1 19 . 6 7 7 6 2 35 19 4 4 15 2 7 . 2 11 8 14 5 15 13 1 11 36 18 Drop 388 | . . . . 6 33 . 8 5 21 7 3 36 28 8 4 25 6 3 2 6 9 20 15 18 37 10 15 12 32 19 Fire 1415 | . . . . . 58 . 8 17 33 13 40 154 38 73 53 69 9 22 11 24 68 66 50 56 61 92 24 74 201 101 Melee 123 | . . . . . 14 . . 15 19 19 21 35 . . . . . . . . . . . . . . . . . . Ram 1 | . . . . . . . . . . . . . . . . . . . . . . . . . . . . . . 1 Kick . | . . . . . . . . . . . . . . . . . . . . . . . . . . . . . . . Crush 16 | . . . . . 1 . . 2 . . . . . . . 1 1 . 2 . 1 . . . . . 2 . 4 2 Escape Stasis 43 | . . . . . . . . . 6 . 2 . 12 . 9 . . . . . . . 14 . . . . . . . Rewire 86 | . . . . . . . . . 4 . 21 . 2 . . . . . . . 3 . 6 . 6 3 . 21 13 7 Trap 2 | . . . . . . . . . . . . . . . . . . . . . 2 . . . . . . . . . Miscellaneous . | . . . . . . . . . . . . . . . . . . . . . . . . . . . . . . . Route ------- -11/Scrapyard -10/Materials -10/Mines -10/Exiles (discovered 2 exits: *Min x2) -9/Mines -8/Materials (discovered 3 exits: *Fac x3) -7/Factory -7/DSF -6/Factory -6/Garrison (discovered 3 exits: *Fac x3) -6/Factory (discovered 5 exits: *Fac x3 / *Low / Gar) -6/Garrison -5/Factory (discovered 4 exits: *Fac / *Upp x2 / Gar) -5/Garrison (discovered 4 exits: *Fac x4) -5/Factory (discovered 3 exits: *Fac / *Upp / Gar) -5/Garrison (discovered 3 exits: *Fac x3) -4/Factory (discovered 3 exits: *Upp / *Ext x2) -4/Extension (discovered 2 exits: *Res / *Cet) -4/Cetus -4/Archives (discovered 3 exits: *Res / *Hub x2) -4/Hub_04(d) (discovered 5 exits: Res x4 / Gar) -4/Garrison (discovered 3 exits: *Res x3) -3/Research -3/Garrison (discovered 3 exits: *Res x3) -3/Research (discovered 2 exits: *Qua / Gar) -3/Garrison (discovered 3 exits: *Res x3) -2/Research -1/Access -1/Garrison (discovered 3 exits: *Acc x3) -1/Access -1/Command To Epsilon Eridani History --------- Turn | Location | Event 1 | -11/Scrapyard | Identified exit to Materials 1 | -11/Scrapyard | Discovered exit to Materials (range 1) 3 | -11/Scrapyard | Entered Materials 3 | -10/Materials | Evolved 1 slot: Weapon x1 78 | -10/Materials | Identified exit to Mines 78 | -10/Materials | Discovered exit to Mines (range 10) 90 | -10/Materials | Met 8R-AWN 126 | -10/Materials | Entered Mines 128 | -10/Mines | Followed 8R-AWN into the Mines 262 | -10/Mines | Identified exit to Exiles 262 | -10/Mines | Discovered exit to Exiles (range 5) 269 | -10/Mines | Entered Exiles 312 | -10/Exiles | Welcomed by 8R-AWN 346 | -10/Exiles | Met EX-HEX 350 | -10/Exiles | Build established: Hacker-Skirmisher 533 | -10/Exiles | Met EX-BIN 659 | -10/Exiles | Met EX-DEC 714 | -10/Exiles | Visited The Gauntlet 1004 | -10/Exiles | Identified exit to Mines 1004 | -10/Exiles | Discovered exit to Mines (range 12) 1199 | -10/Exiles | Learned about 8R-AWN's background 1234 | -10/Exiles | Discovered exit to Mines (range 15) 1495 | -10/Exiles | Aligned with FarCom system 1497 | -10/Exiles | Given EX-Vault access code 1540 | -10/Exiles | Opened EX-Vault 1620 | -10/Exiles | Found AWS/Gauss 1656 | -10/Exiles | Warned to stay clear of 0b10 Research branches 1776 | -10/Exiles | Left Exiles lab with AWS/Gauss 1776 | -10/Exiles | Entered Mines 1780 | -9/Mines | Met a Derelict bent on vengeance 1877 | -9/Mines | Received a Mining Laser from a helpful Derelict 1931 | -9/Mines | Learned Materials terminal intel 2168 | -9/Mines | A weapon hastily lodged in a ceiling crevice suddenly fell to the ground 2177 | -9/Mines | Identified exit to Materials 2177 | -9/Mines | Discovered exit to Materials (range 5) 2251 | -9/Mines | Entered Materials 2251 | -8/Materials | Evolved 4 slots: Propulsion x1, Utility x2, Weapon x1 2252 | -8/Materials | Loaded intel: 12 terminal locations 2923 | -8/Materials | Repaired Seismic Detector 3076 | -8/Materials | Garrison activated, responded to threat 3120 | -8/Materials | Destroyed 7 combat bots 3765 | -8/Materials | Identified exit to Factory 3765 | -8/Materials | Discovered exit to Factory (range 15) 4204 | -8/Materials | Discovered exit to Factory (range 8) 4579 | -8/Materials | Discovered exit to Factory (range 14) 4800 | -8/Materials | Garrison activated, responded to threat 4897 | -8/Materials | Entered Factory 4897 | -7/Factory | Evolved 2 slots: Propulsion x1, Utility x1 4902 | -7/Factory | Identified exit to DSF 4902 | -7/Factory | Entered DSF 4997 | -7/DSF | Additional patrols routed to DSF 5036 | -7/DSF | Identified exit to Factory 5036 | -7/DSF | Discovered exit to Factory (range 11) 5133 | -7/DSF | Entered Factory 5133 | -6/Factory | Evolved 2 slots: Utility x2 5358 | -6/Factory | Fabricated Particle Reactor? 5365 | -6/Factory | Build established: Hacker-Tank 6316 | -6/Factory | Build established: Hacker-Skirmisher 6513 | -6/Factory | Identified exit to Garrison 6513 | -6/Factory | Entered Garrison 6628 | -6/Garrison | Triggered checkpoint 6694 | -6/Garrison | Identified exit to Factory 6694 | -6/Garrison | Discovered exit to Factory (range 36) 6694 | -6/Garrison | Discovered exit to Factory (range 71) 6694 | -6/Garrison | Discovered exit to Factory (range 65) 6706 | -6/Garrison | Garrison Relay disabled 6820 | -6/Garrison | Garrison Relay disabled 7026 | -6/Garrison | Triggered checkpoint 7175 | -6/Garrison | Spotted Striker 7175 | -6/Garrison | Spotted Striker 7192 | -6/Garrison | Destroyed Striker 7198 | -6/Garrison | Destroyed Striker 7213 | -6/Garrison | Rewired Executioner 7218 | -6/Garrison | Rewired Executioner 7411 | -6/Garrison | Rescued a captive Derelict 7446 | -6/Garrison | Triggered checkpoint 7470 | -6/Garrison | Garrison Relay disabled 7668 | -6/Garrison | Triggered checkpoint 7779 | -6/Garrison | Installed Relay Interface Framework 7977 | -6/Garrison | Found Enh. Force Lance 8050 | -6/Garrison | Entered Factory 8050 | -6/Factory | Accompanied by 3 allies 8218 | -6/Factory | Repaired Lrn. Tractor Beam 8258 | -6/Factory | Build established: Bothacker-Skirmisher 8330 | -6/Factory | Repaired Adv. Treads 8358 | -6/Factory | Repaired Lgt. Treads 8397 | -6/Factory | Repaired Trap Scanner 8400 | -6/Factory | First assault squad dispatched 8425 | -6/Factory | Identified exit to Factory 8425 | -6/Factory | Discovered exit to Factory (range 5) 9393 | -6/Factory | Discovered exit to Factory (range 9) 9647 | -6/Factory | Fabricated G-50 Soldier? 10171 | -6/Factory | Discovered exit to Factory (range 15) 10465 | -6/Factory | Identified exit to Lower Caves 10465 | -6/Factory | Discovered exit to Lower Caves (range 12) 10690 | -6/Factory | Lost 3 allies 10826 | -6/Factory | Identified exit to Garrison 10840 | -6/Factory | Entered Garrison 11086 | -6/Garrison | Triggered checkpoint 11131 | -6/Garrison | Garrison Relay disabled 11441 | -6/Garrison | Expanded RIF knowledge: Structural Interface 11599 | -6/Garrison | Heavy support dispatched to Factory 11666 | -6/Garrison | Triggered checkpoint 11716 | -6/Garrison | Triggered checkpoint 11754 | -6/Garrison | Triggered checkpoint 11935 | -6/Garrison | Discovered exit to Factory (range 10) 12054 | -6/Garrison | Heavy support dispatched to Factory 12186 | -6/Garrison | Lost 3 allies 12209 | -6/Garrison | Entered Factory 12209 | -5/Factory | Evolved 2 slots: Utility x2 12757 | -5/Factory | Spotted B-75 Beast 12793 | -5/Factory | Destroyed B-75 Beast 13280 | -5/Factory | Build established: Bothacker-Tank 13599 | -5/Factory | Identified exit to Upper Caves 13599 | -5/Factory | Discovered exit to Upper Caves (range 4) 13663 | -5/Factory | Lost 3 parts (1n1u1w) 13941 | -5/Factory | Build established: Bothacker-Gunner 14003 | -5/Factory | Garrison activated, responded to threat 14278 | -5/Factory | Repaired Hyp. Railgun 15415 | -5/Factory | Build established: Bothacker-Tank 15597 | -5/Factory | System corruption reached 10% 15652 | -5/Factory | Identified exit to Factory 15652 | -5/Factory | Discovered exit to Factory (range 5) 16941 | -5/Factory | Discovered exit to Upper Caves (range 12) 17609 | -5/Factory | Identified exit to Garrison 17609 | -5/Factory | Entered Garrison 17709 | -5/Garrison | Triggered checkpoint 17922 | -5/Garrison | Garrison Relay disabled 18342 | -5/Garrison | Build established: Bothacker-Skirmisher 18379 | -5/Garrison | Identified exit to Factory 18379 | -5/Garrison | Discovered exit to Factory (range 10) 18408 | -5/Garrison | Triggered checkpoint 18450 | -5/Garrison | Garrison Relay disabled 18710 | -5/Garrison | Found embedded Infiltrators 18751 | -5/Garrison | Discovered exit to Factory (range 10) 18751 | -5/Garrison | Discovered exit to Factory (range 42) 18751 | -5/Garrison | Discovered exit to Factory (range 59) 18751 | -5/Garrison | Discovered exit to Factory (range 52) 18798 | -5/Garrison | Triggered checkpoint 18957 | -5/Garrison | Spotted Executioner 18965 | -5/Garrison | Allies destroyed Executioner 18971 | -5/Garrison | Rewired Striker 19045 | -5/Garrison | Expanded RIF knowledge: Robot Detection 19097 | -5/Garrison | Garrison Relay disabled 19179 | -5/Garrison | Entered Factory 19179 | -5/Factory | Accompanied by 2 allies 20055 | -5/Factory | Repaired Imp. Medium Armor Plating 20166 | -5/Factory | Discovered exit to Upper Caves (range 4) 20510 | -5/Factory | Discovered exit to Factory (range 4) 21335 | -5/Factory | Repaired Enh. Quantum Rifle 21676 | -5/Factory | Identified exit to Garrison 21676 | -5/Factory | Entered Garrison 21676 | -5/Garrison | Spotted B-90 Cyclops 21729 | -5/Garrison | Garrison Relay disabled 21815 | -5/Garrison | Triggered checkpoint 22052 | -5/Garrison | Triggered checkpoint 22184 | -5/Garrison | Discovered exit to Factory (range 15) 22264 | -5/Garrison | Triggered checkpoint 22286 | -5/Garrison | Expanded RIF knowledge: Command Fork 22362 | -5/Garrison | Garrison Relay disabled 22585 | -5/Garrison | Build established: Botlord-Skirmisher 22670 | -5/Garrison | Discovered exit to Factory (range 7) 22692 | -5/Garrison | Garrison Relay disabled 22782 | -5/Garrison | Triggered checkpoint 22873 | -5/Garrison | Garrison Relay disabled 23050 | -5/Garrison | Triggered checkpoint 23437 | -5/Garrison | Build established: Botlord-Tank 23468 | -5/Garrison | Triggered checkpoint 23469 | -5/Garrison | Garrison Relay disabled 23630 | -5/Garrison | Triggered checkpoint 23695 | -5/Garrison | Discovered exit to Factory (range 13) 23740 | -5/Garrison | Entered Factory 23740 | -4/Factory | Evolved 2 slots: Utility x2 24097 | -4/Factory | Identified exit to Upper Caves 24097 | -4/Factory | Discovered exit to Upper Caves (range 17) 24317 | -4/Factory | Build established: Botlord-Skirmisher 24608 | -4/Factory | Repaired Adv. Heavy Siege Treads 25179 | -4/Factory | Fabricated Graphene Brace (x2) 25658 | -4/Factory | Identified exit to Extension 25658 | -4/Factory | Discovered exit to Extension (range 21) 26009 | -4/Factory | Repaired Enh. Quantum Rifle 26049 | -4/Factory | Discovered exit to Extension (range 13) 26071 | -4/Factory | Entered Extension 26248 | -4/Extension | Rescued A7 26280 | -4/Extension | Rescued a captive Derelict 26332 | -4/Extension | Rescued a captive Derelict 26427 | -4/Extension | Identified exit to Cetus 26472 | -4/Extension | Rescued a captive Derelict 26528 | -4/Extension | Rescued a captive Derelict 26529 | -4/Extension | Rescued a captive Derelict 26534 | -4/Extension | Spotted B-86 Titan 26559 | -4/Extension | Spotted B-86 Titan 26606 | -4/Extension | Energy Cycler disabled 26607 | -4/Extension | Rescued a captive Derelict 26607 | -4/Extension | Rescued a captive Derelict 26614 | -4/Extension | Rescued a captive Derelict 26616 | -4/Extension | Rescued a captive Derelict 26628 | -4/Extension | Rescued a captive Derelict 26659 | -4/Extension | Lost 7 allies 26869 | -4/Extension | Identified exit to Research 26869 | -4/Extension | Discovered exit to Research (range 10) 26890 | -4/Extension | Entered Cetus 26890 | -4/Cetus | Accompanied by 4 allies 26908 | -4/Cetus | Spotted Cetus Guard 26908 | -4/Cetus | Spotted Cetus Guard 26910 | -4/Cetus | Spotted Cetus Guard 26915 | -4/Cetus | Spotted Cetus Guard 26926 | -4/Cetus | Allies destroyed Cetus Guard 26941 | -4/Cetus | Destroyed Cetus Guard 26941 | -4/Cetus | Destroyed Cetus Guard 27198 | -4/Cetus | Cetus Manufacturing Module disabled 27499 | -4/Cetus | Identified exit to Archives 27499 | -4/Cetus | Discovered exit to Archives (range 16) 27541 | -4/Cetus | Entered Archives 27662 | -4/Archives | Unable to access archive contents 27665 | -4/Archives | Identified exit to Hub_04(d) 27665 | -4/Archives | Discovered exit to Hub_04(d) (range 16) 27701 | -4/Archives | Unable to access archive contents 27701 | -4/Archives | Unable to access archive contents 27706 | -4/Archives | Discovered exit to Hub_04(d) (range 15) 27731 | -4/Archives | Unable to access archive contents 27741 | -4/Archives | Discovered exit to Research (range 13) 27907 | -4/Archives | Entered Hub_04(d) 29012 | -4/Hub_04(d) | Garrison activated, responded to threat 29241 | -4/Hub_04(d) | Identified exit to Garrison 29241 | -4/Hub_04(d) | Entered Garrison 29448 | -4/Garrison | Expanded RIF knowledge: Autooverride 29484 | -4/Garrison | Triggered checkpoint 29566 | -4/Garrison | Garrison Relay disabled 29966 | -4/Garrison | Spotted B-86 Titan 30034 | -4/Garrison | Assimilated Titan 7a with formatsys_high 30040 | -4/Garrison | Triggered checkpoint 30045 | -4/Garrison | P-70 Sage assimilated allied Titan 7a 30055 | -4/Garrison | Triggered checkpoint 30185 | -4/Garrison | Destroyed Titan 7a 30529 | -4/Garrison | Discovered exit to Research (range 10) 30557 | -4/Garrison | Build established: Botlord-Tank 30755 | -4/Garrison | Rescued a captive Derelict 30818 | -4/Garrison | Triggered checkpoint 30935 | -4/Garrison | Garrison Relay disabled 31214 | -4/Garrison | Triggered checkpoint 31322 | -4/Garrison | Discovered exit to Research (range 12) 31678 | -4/Garrison | Garrison Relay disabled 31965 | -4/Garrison | Spotted B-86 Titan 31996 | -4/Garrison | Assimilated Titan 7b with formatsys_high 32019 | -4/Garrison | Lost 3 parts (2n1w) 32032 | -4/Garrison | Found Relay Coupler [Proto] 32037 | -4/Garrison | Found Relay Coupler [Proto] 32042 | -4/Garrison | Found Relay Coupler [Proto] 32047 | -4/Garrison | Found Relay Coupler [Proto] 32173 | -4/Garrison | Discovered exit to Research (range 11) 32244 | -4/Garrison | Triggered checkpoint 32292 | -4/Garrison | Build established: Botlord-Skirmisher 32738 | -4/Garrison | Entered Research 32738 | -3/Research | Accompanied by 1 ally 32738 | -3/Research | Spotted B-86 Titan 32738 | -3/Research | Evolved 2 slots: Utility x2 32810 | -3/Research | Destroyed B-86 Titan 32875 | -3/Research | Found Fusion Bomb Launcher 32988 | -3/Research | First assault squad dispatched 33046 | -3/Research | Build established: Botlord-Tank 33172 | -3/Research | Found Prototype Processor 33172 | -3/Research | Identified Spectral Analyzer 33420 | -3/Research | Garrison activated, responded to threat 33484 | -3/Research | Destroyed 7 combat bots 33633 | -3/Research | Cargo convoy interrupted 33731 | -3/Research | Garrison activated, responded to threat 33738 | -3/Research | Build established: Botlord-Gunner 33770 | -3/Research | Lost 3 allies 33821 | -3/Research | Identified exit to Garrison 33821 | -3/Research | Entered Garrison 34004 | -3/Garrison | Triggered checkpoint 34059 | -3/Garrison | Expanded RIF knowledge: Coupler Efficiency 34264 | -3/Garrison | Triggered checkpoint 34264 | -3/Garrison | Triggered checkpoint 34322 | -3/Garrison | Destroyed 12 combat bots 34532 | -3/Garrison | Rewired Striker 34536 | -3/Garrison | Rewired Striker 34576 | -3/Garrison | Identified exit to Research 34576 | -3/Garrison | Discovered exit to Research (range 10) 34594 | -3/Garrison | Build established: Botlord-Skirmisher 34608 | -3/Garrison | Triggered checkpoint 34650 | -3/Garrison | Expanded RIF knowledge: Code Merge 34667 | -3/Garrison | Garrison Relay disabled 34864 | -3/Garrison | Triggered checkpoint 34917 | -3/Garrison | Discovered exit to Research (range 13) 34958 | -3/Garrison | Triggered checkpoint 34997 | -3/Garrison | Garrison Relay disabled 35233 | -3/Garrison | Spotted B-75 Beast 35358 | -3/Garrison | Garrison Relay disabled 35367 | -3/Garrison | Garrison Relay disabled 35409 | -3/Garrison | Garrison Relay disabled 35586 | -3/Garrison | Discovered exit to Research (range 5) 35654 | -3/Garrison | Triggered checkpoint 35702 | -3/Garrison | Garrison Relay disabled 35845 | -3/Garrison | Entered Research 36139 | -3/Research | Found Fusion Bomb Launcher 36345 | -3/Research | First assault squad dispatched 36512 | -3/Research | Lost 3 allies 37223 | -3/Research | Identified exit to Quarantine 37223 | -3/Research | Discovered exit to Quarantine (range 12) 37414 | -3/Research | Identified exit to Garrison 37414 | -3/Research | Entered Garrison 37414 | -3/Garrison | Accompanied by 1 ally 37437 | -3/Garrison | Found embedded Infiltrators 37680 | -3/Garrison | Triggered checkpoint 37754 | -3/Garrison | Garrison Relay disabled 37874 | -3/Garrison | Triggered checkpoint 37920 | -3/Garrison | Triggered checkpoint 38106 | -3/Garrison | P-80 Master assimilated allied Warden 8d 38154 | -3/Garrison | Identified exit to Research 38154 | -3/Garrison | Discovered exit to Research (range 10) 38169 | -3/Garrison | Spotted Striker 38169 | -3/Garrison | Spotted Striker 38284 | -3/Garrison | Triggered checkpoint 38342 | -3/Garrison | Garrison Relay disabled 38460 | -3/Garrison | Triggered checkpoint 38508 | -3/Garrison | P-80 Master assimilated allied Warden 8g 38516 | -3/Garrison | P-80 Master assimilated allied K7-5HZ(b) 38519 | -3/Garrison | P-80 Master assimilated allied Warden 8f 38581 | -3/Garrison | Lost 4 allies 38684 | -3/Garrison | Discovered exit to Research (range 3) 38834 | -3/Garrison | Triggered checkpoint 38885 | -3/Garrison | Expanded RIF knowledge: Autoassimilate 38906 | -3/Garrison | Garrison Relay disabled 38980 | -3/Garrison | Triggered checkpoint 39050 | -3/Garrison | Triggered checkpoint 39065 | -3/Garrison | Garrison Relay disabled 39242 | -3/Garrison | Discovered exit to Research (range 69) 39242 | -3/Garrison | Discovered exit to Research (range 12) 39242 | -3/Garrison | Discovered exit to Research (range 45) 39272 | -3/Garrison | Entered Research 39272 | -2/Research | Accompanied by 3 allies 39272 | -2/Research | Evolved 2 slots: Utility x2 39339 | -2/Research | P-80 Master assimilated allied Veteran 8c 39498 | -2/Research | Fabricated Adv. Cooling System (x1) 39563 | -2/Research | First assault squad dispatched 39987 | -2/Research | Repaired Enh. Quantum Rifle 40064 | -2/Research | P-80 Master assimilated allied Warden 8i 40073 | -2/Research | P-80 Master assimilated allied Artificer 9a 40681 | -2/Research | Build established: Botlord-Gunner 41017 | -2/Research | Build established: Botlord-Skirmisher 41038 | -2/Research | Identified exit to Access 41038 | -2/Research | Discovered exit to Access (range 14) 41147 | -2/Research | Entered Access 41147 | -1/Access | Accompanied by 1 ally 41147 | -1/Access | Evolved 2 slots: Propulsion x2 41186 | -1/Access | Found Fusion Bomb Launcher 41411 | -1/Access | Lost 5 allies 41427 | -1/Access | Spotted B-99 Colossus 41748 | -1/Access | Identified exit to Garrison 41748 | -1/Access | Entered Garrison 41795 | -1/Garrison | Expanded RIF knowledge: Code Merge 41950 | -1/Garrison | Triggered checkpoint 42020 | -1/Garrison | Garrison Relay disabled 42225 | -1/Garrison | Spotted B-99 Colossus 42227 | -1/Garrison | Assimilated Colossus 10a with formatsys_high 42240 | -1/Garrison | Triggered checkpoint 42248 | -1/Garrison | Triggered checkpoint 42281 | -1/Garrison | Q-Series assembled to engage unique threat in Access 42344 | -1/Garrison | Identified exit to Access 42344 | -1/Garrison | Discovered exit to Access (range 10) 42398 | -1/Garrison | Triggered checkpoint 42405 | -1/Garrison | Garrison Relay disabled 42440 | -1/Garrison | Q-Series assembled to engage unique threat in Access 42498 | -1/Garrison | QS Assembler disabled 42548 | -1/Garrison | Found embedded Infiltrators 42590 | -1/Garrison | Spotted B-99 Colossus 42653 | -1/Garrison | Destroyed B-99 Colossus 42673 | -1/Garrison | Lost 5 allies 42707 | -1/Garrison | Found Unknown Device 42707 | -1/Garrison | Identified Adv. Force Booster 42886 | -1/Garrison | Garrison Relay disabled 42910 | -1/Garrison | Discovered exit to Access (range 5) 42942 | -1/Garrison | Triggered checkpoint 42967 | -1/Garrison | Garrison Relay disabled 43120 | -1/Garrison | Triggered checkpoint 43174 | -1/Garrison | Discovered exit to Access (range 12) 43243 | -1/Garrison | Triggered checkpoint 43324 | -1/Garrison | Garrison Relay disabled 43392 | -1/Garrison | Entered Access 43642 | -1/Access | First assault squad dispatched 44120 | -1/Access | Lost 3 allies 44479 | -1/Access | Lost 5 allies 44817 | -1/Access | Energy Cycler disabled 44862 | -1/Access | Spotted B-99 Colossus 44893 | -1/Access | Destroyed B-99 Colossus 45020 | -1/Access | Garrison activated, responded to threat 45272 | -1/Access | P-80 Master assimilated allied Warden 10g 46567 | -1/Access | Spotted B-99 Colossus 46607 | -1/Access | Lost 4 allies 46619 | -1/Access | Allies destroyed B-99 Colossus 47038 | -1/Access | P-80 Master assimilated allied Enforcer 10f 47668 | -1/Access | Spotted B-99 Colossus 47705 | -1/Access | Spotted B-99 Colossus 47710 | -1/Access | Identified exit to Command 47710 | -1/Access | Discovered exit to Command (range 13) 47729 | -1/Access | Entered Command 47757 | -1/Command | Lost 5 allies 48032 | -1/Command | P-80 Master assimilated allied Warden 10q 48039 | -1/Command | P-80 Master assimilated allied Terminator 10h 48397 | -1/Command | Phase Generator disabled 48671 | -1/Command | Spotted Executioner 48671 | -1/Command | Spotted Executioner 48671 | -1/Command | Spotted Striker 48671 | -1/Command | Spotted Alpha 7 48671 | -1/Command | Spotted Executioner 48671 | -1/Command | Spotted Executioner 48671 | -1/Command | Spotted Striker 48671 | -1/Command | Spotted Alpha 7 48672 | -1/Command | Autoassimilated Striker with RIF 48672 | -1/Command | Autoassimilated Striker with RIF 48672 | -1/Command | Spotted B-99 Colossus 48673 | -1/Command | Spotted B-99 Colossus 48713 | -1/Command | Assimilated Executioner with formatsys_high 48716 | -1/Command | Lost 4 allies 48716 | -1/Command | Assimilated Alpha 7 with formatsys_high 48719 | -1/Command | Assimilated Executioner with formatsys_high 48746 | -1/Command | Allies destroyed B-99 Colossus 48752 | -1/Command | Found Exp. Targeting Computer 48791 | -1/Command | Found Multirail 48978 | -1/Command | Destroyed B-99 Colossus 48998 | -1/Command | Identified exit to Surface 48998 | -1/Command | Discovered exit to Surface (range 11) 49040 | -1/Command | P-80 Master assimilated allied Enforcer 10k 49261 | -1/Command | Spotted M Guard 49262 | -1/Command | Spotted Combat Programmer 49263 | -1/Command | Autoassimilated Combat Programmer with RIF 49267 | -1/Command | Spotted M Guard 49267 | -1/Command | Spotted Combat Programmer 49268 | -1/Command | Autoassimilated Combat Programmer with RIF 49269 | -1/Command | Assimilated M Guard with formatsys_high 49279 | -1/Command | Allies destroyed M Guard 49587 | -1/Command | Build established: Botlord-Tank 49770 | -1/Command | Combat Programmer assimilated hostile C-57 Dissector 49772 | -1/Command | System corruption reached 10% 49773 | -1/Command | Combat Programmer assimilated hostile S-43 Plague 49792 | -1/Command | All MAIN.C guards destroyed 49866 | -1/Command | Lost 16 allies 49882 | -1/Command | Lost 6 parts (3n1u2w) 49928 | *** | Escaped! Last Messages --------------- 49848_ Slug penetrates H-88 Terminator. 49850_ Penetrated by Slug. 49851_ Adv. Heavy Siege Treads destroyed. 49851_ Slug penetrates H-88 Terminator. 49855_ Discarded Rnf. Quantum Reactor. 49856_ System corrupted: Component data lost. 49857_ Dropped Matter Filter. 49857_ Dropped Adv. Trap Scanner. 49858_ Dropped Energy Well. 49858_ Dropped Huge Storage Unit. 49860_ Acquired Relay Coupler [Specialist]. 49860_ Slug penetrates Wall. 49874_ System corrupted: Heat flow error (+198). 49885_ Slammed into K-01 Serf. 49893_ Acquired 68 matter. 49898_ Acquired 8 matter. 49898_ Acquired 7 matter. 49899_ System corrupted: Energy discharge (-25). 49902_ Acquired 17 matter. 49910_ Acquired 52 matter. Map ----- +----------------------------------------------------+ | ?????????####### #??????????????????????????????? | | ?????????# # #??????????????????????????????? | | ?????????# # #??????????????????????????????? | | ?????????# # #??????????????????????????????? | | ?????????# ! # #??+#??????????????????????????? | | ?????????# # ### ##?????????????????????????? | | ?????????# # #?????????????????????????? | | ?????????# # #?????????????????????????? | | ?????????# # #?????????????????????????? | | ?????????# * # #?????????????????????????? | | ???#####?# # #?????????????????????????? | | ???# ####+### #?????????????????????????? | | ???# ^ b #?????????????????????????? | | ???# ^^ +???????????????????? ??? | | ???# ^ ###########???????????????????? ? | | ???## #?????????????????????????????? | | ????# b #??????????????????????+??????# | | ????# #??????????????????????#!?????# | | ????# #????????????????????### ###### !! | | ????# ####n #?????##############?# # !! | | ????# ???# #?????# #?# # !! | | ????# ????# #?????# #?# + | | ????#?????# #?????# ^^^^^^^ #?# %[ %# | | ??????????# #?????# ^ #?# """[ =!# | | ??????????# ##?????# ^ ^ #?# """" # ## | | ??????????# ######?# ^ @" #?# """" # # | | ??????????# # #?# ^ "" ^ #?# T"" + # | | ??????????# # #?# ^ #?# # # | | ??????????# # !! #?#!*^ #?# [ !% / # | | ??????????# # !! #?#!!^ ^ ^^^ #?#*==![ = # # | | ????# ????#h# #?#%]! #?#[%!%*% =# # | | ????# #### # #?#!=! ! #?# ! [[=%%# # | | ????# + [ #?##[*^^^ ^;###?####+##### + | | ????# h# #??##%^!^^^ #???# ]! ## # | | ????# ####+######???#!^^^^^ ##???# ] ## ## | | ????# ?# #????#!^=^^^^=#???# ## | | ???????# #???### *^%^^##???# ## | | ???????# #???#!%^^^^ !%#???# ## | | ???????# h !!!#???### ^ ^% ##???# ## | | ???????# !!!#????# ^ ^^^^ #???# ## ## | | ???????# ! #????## ^^=^^##???# ## ## | | ???????# #?????#^^!^^^#????# ## # | | ???????# h #?????#*=+++ #????# ## # | | ???????# h #?##??##! ##??### ## # | | ???????# b #?#=####% %#### ###### # | | ????#??# #??#!#!!%]%%% # | | ????# ##/###########%%!=!! # | | ????# = h|[*=!hh!![ % | | ????# [%! ! [![!%= % % # | | ????#+#############!#[!##+#### # [ ##########] | +----------------------------------------------------+ Best States ------------- Heat Dissipation 133 Energy Generation 31 Energy Capacity 740 Matter Stores 300 Matter Capacity 300 Sight Range 22 Robot Scan Range 14 Terrain Scan Density 10 Jamming Range 16 Power Amplification 30 Base Temperature (-) 200 Corruption Block 20 Armor Coverage 1200 Resistance: KI 35 Resistance: TH 35 Resistance: EX 35 Resistance: EM 35 Resistance: I 35 Resistance: S 35 Resistance: P 35 Utility Shielding 66 Point Defense Rating 240 Evasion (%) 50 Targeting Accuracy 12 Target Analysis 8 Armor Integrity Analysis 30 Recoil Reduction 6 Matter Filtering 30 Offensive Hacking 20 Defensive Hacking 14 Relay Coupler Types 5 Relay Coupler Value 564 Item Schematics ----------------- Arm. Medium Treads | -5/Factory | Scanalyzed Imp. Heavy Treads | -4/Extension | Hacked Adv. Cooling System | -4/Extension | Hacked Robot Schematics ------------------ None Fabricated ------------ Particle Reactor | x2 | -6/Factory | Preloaded G-50 Soldier | x3 | -6/Factory | Preloaded Graphene Brace | x2 | -4/Factory | Preloaded Adv. Cooling System | x1 | -2/Research Alien Tech Used ----------------- None Achievements -------------- None Challenges ------------ None Game ------ Seed CoolingEfficiencyWeb Manual? 0 Play Time 11:21:24 Cumulative 276.0 hours Start 2024.04.06 @ 00:50:01 End 2024.04.07 @ 01:17:28 Sessions 7 Manual Loads 0 Difficulty Explorer Special Mode None Game No. 101 Rogue 68 Adventurer 0 Explorer 33 Win Type 0 Total 9 Types 7/1/1/0/0/0/0/0/0 Lore% 60 Gallery% 69 Achievement% 63 Wizard Run 0 Options --------- Layout 0 ASCII 1 Keyboard 1 Movement Arrows Keybinds 0 Fullscreen 2 Font 36/Smallcaps Map View 76x50 Zoom Use 0% Tactical HUD 1 Map Filters NONE Filters NONE Steam 1 RUN: 9ea7d38a-f81b-488a-a695-e3da6ac15642